 Dungeon Crawl Stone Soup version 0.30-a0-457-g4b7bca3bfa (webtiles) character file.

Game seed: 2632081500814920534

2702264 sleeves the Grand Master (level 27, 224/224 HPs)
             Began as an Octopode Air Elementalist on Dec 10, 2022.
             Was an Initiate of Gozag.
             Escaped with the Orb
             ... and 5 runes on Dec 12, 2022!
             The game lasted 02:40:01 (91220 turns).

sleeves the Grand Master (OpAE)                    Turns: 91220, Time: 02:40:02

Health: 224/224    AC: 31    Str:  6    XL:     27
Magic:  42/42      EV: 46    Int: 41    God:    Gozag
Gold:   6978       SH:  0    Dex: 24    Spells: 14/56 levels left

rFire   + + .      SeeInvis +      - Unarmed
rCold   + . .      Faith    .    (shield currently unavailable)
rNeg    + + .      Spirit   .    (helmet currently unavailable)
rPois   ∞          Reflect  .    Z - amulet of the Four Winds {rN+ Will+++ Clar}
rElec   +          Harm     .    H - +4 ring of slaying
rCorr   +          Rampage  .    V - ring of Sineaz {Drain rPois rF+ rCorr Int+2}
Will    +++++      Clarity  +    Y - ring "Siazxuogg" {rC+ Dex+6 Slay+2}
Stlth   +++.......               M - ring "Earthly Heaven" {Fly rPois Dex+6 SInv}
HPRegen 0.57/turn                d - +4 ring of protection
MPRegen 0.28/turn                R - +6 ring of intelligence
                                 b - ring of Josius {AC+4 Slay+3}
                                 q - ring "Seteug" {Fly rElec rF+ rN+}

@: storm-form (expiring), flying, studying Shields, bribing [the Dungeon]
A: cleaving, insubstantial, flying, almost no armour, amphibious, 8 rings,
(camouflage 1), (gelatinous body 1), (nimble swimmer 1), (tentacles), (tentacle
spike 1), clever 1, weak 1, (heat vulnerability 1)
0: Orb of Zot
}: 5/15 runes: serpentine, barnacled, slimy, silver, abyssal
a: Blinkbolt, End Transformation, Renounce Religion, Potion Petition, Call
Merchant, Bribe Branch


You escaped.
You worshipped Gozag.
Gozag was greatly pleased with you.
You were a lightning-filled tempest!
You visited 12 branches of the dungeon, and saw 56 of its levels.
You visited the Abyss 1 time.
You visited 1 bazaar.
You also visited: Ossuary, Bailey and Volcano.

You collected 33589 gold pieces.
You spent 5373 gold pieces at shops.
You paid 21238 gold pieces to Gozag.

Inventory:

Hand Weapons
 a - the +3 Elemental Staff (melded) {rElec rF++ rC++ AC+5}
   (You acquired it in a bailey)

   If the wielder is skilled in Evocations, they can discharge powerful blasts
   of elemental energy when striking with it.
   It enhances your fire, ice, earth and air magic.
   AC:        It affects your AC (+5).
   rF:        It greatly protects you from fire.
   rC:        It greatly protects you from cold.
   rElec:     It insulates you from electricity.
Armour
 e - a +2 hat (melded)
   (You took it off Gastronok on level 9 of the Dungeon)
Jewellery
 b - the ring of Josius (on tentacle) {AC+4 Slay+3}
   (You took it off a deep elf annihilator on level 3 of the Elven Halls)

   [ring of protection]

   AC:        It affects your AC (+4).
   Slay:      It affects your accuracy & damage with ranged weapons and melee
   (+3).
 c - the ring of Tuvumoh {rF+ Str+4 Stlth+}
   (You found it on level 1 of the Depths)

   [ring of protection from fire]

   Str:       It affects your strength (+4).
   rF:        It protects you from fire.
   Stlth:     It makes you more stealthy.
 d - a +4 ring of protection (on tentacle)
   (You found it on level 1 of the Depths)
 h - the ring of Pujul {Fly rC+ SInv}
   (You found it on level 1 of the Elven Halls)

   [ring of see invisible]

   rC:        It protects you from cold.
   SInv:      It lets you see invisible.
   Fly:       It grants you flight.
 q - the ring "Seteug" (on tentacle) {Fly rElec rF+ rN+}
   (You took it off a deep elf demonologist on level 3 of the Elven Halls)

   [ring of flight]

   rF:        It protects you from fire.
   rElec:     It insulates you from electricity.
   rN:        It protects you from negative energy.
   Fly:       It grants you flight.
 w - a ring of fire
   (You took it off a deep elf sorcerer on level 5 of the Vaults)
 F - a ring of resist corrosion
   (You found it on level 5 of the Dungeon)
 H - a +4 ring of slaying (left tentacle)
   (You took it off a deep elf knight on level 3 of the Elven Halls)
 M - the ring "Earthly Heaven" (on tentacle) {Fly rPois Dex+6 SInv}
   (You acquired it on level 2 of the Lair of Beasts)

   [ring of dexterity]

   Dex:       It affects your dexterity (+6).
   rPois:     It protects you from poison.
   SInv:      It lets you see invisible.
   Fly:       It grants you flight.
 P - the amulet of Vehumet's Outrage {*Slow rElec rN++ Regen+ Stlth+}
   (You found it on level 2 of the Realm of Zot)

   [amulet of regeneration]

   rElec:     It insulates you from electricity.
   rN:        It greatly protects you from negative energy.
   Regen:     It increases your rate of health regeneration.
   *Slow:     It may slow you when you take damage.
   Stlth:     It makes you more stealthy.
 R - a +6 ring of intelligence (on tentacle)
   (You found it on level 2 of the Shoals)
 V - the ring of Sineaz (right tentacle) {Drain rPois rF+ rCorr Int+2}
   (You bought it in a shop on level 5 of the Realm of Zot)

   [ring of resist corrosion]

   Int:       It affects your intelligence (+2).
   rF:        It protects you from fire.
   rPois:     It protects you from poison.
   rCorr:     It protects you from acid and corrosion.
   Drain:     It drains your maximum health when unequipped.
 Y - the ring "Siazxuogg" (on tentacle) {rC+ Dex+6 Slay+2}
   (You bought it in a shop on level 1 of the Snake Pit)

   [ring of dexterity]

   Dex:       It affects your dexterity (+6).
   Slay:      It affects your accuracy & damage with ranged weapons and melee
   (+2).
   rC:        It protects you from cold.
 Z - the amulet of the Four Winds (around neck) {rN+ Will+++ Clar}
   (You found it on level 3 of the Elven Halls)

   [amulet of nothing]

   rN:        It protects you from negative energy.
   Clar:      It protects you against confusion.
   Will:      It greatly increases your willpower.
Wands
 x - a wand of quicksilver (27)
   (You found it on level 2 of the Shoals)
 G - a wand of iceblast (39)
   (You found it on level 6 of the Dungeon)
 N - a wand of digging (10)
   (You found it on level 2 of the Vaults)
Scrolls
 f - 13 scrolls of amnesia
 g - 8 scrolls of silence
 j - 9 scrolls of blinking
 l - 29 scrolls of teleportation
 m - 13 scrolls of vulnerability
 u - 3 scrolls of fog
 y - 3 scrolls of summoning
 D - 14 scrolls of fear
 E - 8 scrolls of immolation
 I - 13 scrolls of poison
 L - 14 scrolls of magic mapping
 Q - 3 scrolls of torment
 S - 7 scrolls of enchant armour
 U - 11 scrolls of butterflies
Potions
 i - 4 potions of cancellation
 k - 29 potions of curing
 n - 13 potions of magic
 p - 10 potions of mutation
 r - 16 potions of attraction
 s - 8 potions of might
 t - 9 potions of haste
 v - 7 potions of resistance
 z - 13 potions of lignification
 A - 21 potions of heal wounds
 B - 6 potions of brilliance
 C - 12 potions of invisibility
 J - 6 potions of ambrosia
 K - 6 potions of berserk rage
Miscellaneous
 o - a phial of floods
   (You found it on level 1 of the Elven Halls)
 O - a condenser vane
   (You found it on level 5 of the Vaults)
 T - a phantom mirror
   (You found it on level 4 of the Shoals)


   Skills:
 O Level 27 Fighting
 + Level 22.6 Dodging
 - Level 20.0 Stealth
 O Level 27 Unarmed Combat
 - Level 15.0 Spellcasting
 - Level 1.0 Conjurations
 - Level 10.0 Translocations
 - Level 15.0 Transmutations
 - Level 20.0 Air Magic


You had 14 spell levels left.
You knew the following spells:

 Your Spells              Type           Power      Damage    Failure   Level
a - Shock                 Conj/Air       100%       1d9       0%          1
b - Swiftness             Air            100%       N/A       0%          3
c - Airstrike             Air            57%        2d(9-25)  0%          4
d - Blink                 Tloc           100%       N/A       1%          2
e - Lightning Bolt        Conj/Air       43%        1d62      1%          5
f - Freezing Cloud        Conj/Ice/Air   36%        6-21      1%          5
g - Passage of Golubria   Tloc           85%        N/A       1%          4
h - Storm Form            Tmut/Air       54%        N/A       1%          7
i - Manifold Assault      Tloc           85%        N/A       1%          4
j - Apportation           Tloc           100%       N/A       0%          1
k - Statue Form           Tmut/Erth      50%        N/A       7%          6

Your spell library contained the following spells:

 Spells                   Type           Power      Damage    Failure   Level
 Vhi's Electric Charge    Tloc/Air       100%       N/A       0%          3
 Foxfire                  Conj/Fire      100%       2x1d9     1%          1
 Freeze                   Ice            100%       1d10      1%          1
 Magic Dart               Conj           100%       1d8       1%          1
 Necrotise                Necr           100%       1d9       1%          1
 Sandblast                Erth           60%        2d14      1%          1
 Slow                     Hex            100%       N/A       1%          1
 Summon Small Mammal      Summ           100%       N/A       1%          1
 Call Imp                 Summ           30%        N/A       1%          2
 Ensorcelled Hibernation  Hex/Ice        60%        N/A       1%          2
 Momentum Strike          Conj/Tloc      100%       3d10      1%          2
 Passwall                 Tmut/Erth      62%        N/A       1%          2
 Poisonous Vapours        Pois/Air       100%       N/A       1%          2
 Static Discharge         Conj/Air       100%       2-7/arc   1%          2
 Sublimation of Blood     Necr           30%        N/A       1%          2
 Ignite Poison            Fire/Tmut/Pois 64%        N/A       1%          3
 Kindle Blastsparks       Fire/Tloc/Air  100%       2d18      1%          3
 Lesser Beckoning         Tloc           100%       N/A       1%          3
 Mephitic Cloud           Conj/Pois/Air  73%        N/A       1%          3
 Portal Projectile        Hex/Tloc       100%       N/A       1%          3
 Spider Form              Tmut/Pois      75%        N/A       1%          3
 Teleport Other           Tloc           85%        N/A       1%          3
 Ice Form                 Ice/Tmut       75%        N/A       1%          4
 Iskenderun's Mystic Bla  Conj/Tloc      66%        2d14      1%          4
 Petrify                  Tmut/Erth      75%        N/A       1%          4
 Summon Lightning Spire   Summ/Air       85%        N/A       1%          4
 Alistair's Intoxication  Tmut/Pois      50%        N/A       1%          5
 Arcjolt                  Conj/Air       43%        1d53      1%          5
 Blade Hands              Tmut           50%        N/A       1%          5
 Irradiate                Conj/Tmut      38%        3d24      1%          5
 Silence                  Hex/Air        42%        N/A       1%          5
 Yara's Violent Unravell  Hex/Tmut       37%        3d15      1%          5
 Conjure Ball Lightning   Conj/Air       43%        3x3d15    1%          6
 Dazzling Flash           Conj/Hex       68%        N/A       2%          3
 Hailstorm                Conj/Ice       34%        3d9       2%          3
 Call Canine Familiar     Summ           30%        N/A       3%          3
 Confusing Touch          Hex            30%        N/A       3%          3
 Frozen Ramparts          Ice            60%        1d10      3%          3
 Ozocubu's Armour         Ice            30%        N/A       3%          3
 Tukima's Dance           Hex            30%        N/A       3%          3
 Vampiric Draining        Necr           30%        2d8       3%          3
 Summon Forest            Summ/Tloc      32%        N/A       3%          5
 Eringya's Noxious Bog    Tmut/Pois      37%        N/A       7%          6
 Anguish                  Hex/Necr       15%        N/A       10%         4
 Leda's Liquefaction      Hex/Erth       15%        N/A       10%         4
 Summon Ice Beast         Ice/Summ       30%        N/A       10%         4
 Iskenderun's Battlesphe  Conj           39%        2d9       19%         5
 Fireball                 Conj/Fire      17%        3d9       22%         5
 Agony                    Necr           30%        N/A       26%         5
 Borgnjor's Vile Clutch   Necr/Erth      15%        N/A       26%         5
 Metabolic Englaciation   Hex/Ice        15%        N/A       26%         5
 Summon Mana Viper        Hex/Summ       30%        N/A       26%         5
 Iron Shot                Conj/Erth      17%        9d4       77%         6
 Starburst                Conj/Fire      17%        6d6       77%         6
 Death Channel            Necr           15%        N/A       83%         6
 Necromutation            Tmut/Necr      37%        N/A       96%         8
 Orb of Destruction       Conj           19%        9d8       99%         7
 Haunt                    Necr/Summ      15%        N/A       100%        7
 Ozocubu's Refrigeration  Ice            15%        4d10      100%        7
 Spellforged Servitor     Conj/Summ      17%        N/A       100%        7
 Borgnjor's Revivificati  Necr           15%        N/A       100%        8
 Infestation              Necr           15%        N/A       100%        8
 Lehudib's Crystal Spear  Conj/Erth      17%        10d5      100%        8
 Death's Door             Necr           15%        N/A       100%        9
 Polar Vortex             Ice            15%        N/A       100%        9
 Animate Armour           Summ/Erth      Unusable   N/A       N/A         4
 Animate Dead             Necr           Unusable   N/A       N/A         4
 Simulacrum               Ice/Necr       Unusable   N/A       N/A         6

Dungeon Overview and Level Annotations

Branches:
Dungeon (15/15)            Temple (1/1) D:4            Lair (5/5) D:11
 Shoals (4/4) Lair:2        Snake (4/4) Lair:3        Slime (5/5) Lair:5
    Orc (2/2) D:10            Elf (3/3) Orc:2        Vaults (5/5) D:14
  Crypt (3/3) Vaults:3       Tomb (0/3) Crypt:3      Depths (4/4) D:15
    Zot (5/5) Depths:4    Ossuary (visited)          Bailey (visited)
Volcano (visited)

Altars:
Ashenzari
Cheibriados
Dithmenos
Elyvilon
Fedhas
Gozag
Hepliaklqana
Kikubaaqudgha
Makhleb
Nemelex Xobeh
Okawaru
Qazlal
Ru
Sif Muna
Trog
Uskayaw
Vehumet
Wu Jian
Xom
Yredelemnul
Zin
The Shining One
Jiyva

Shops:
Orc:2 ?:!(   Shoals:1 *   Shoals:2 =   Snake:1 ==:   Snake:3 [:*   Vaults:1 *
Vaults:3 *   Zot:5 *=[*   Depths:1 ?:=:=[=:=   Depths:2 *

Portals:
Hell: Depths:1 Depths:2 Depths:3 Depths:4
Abyss: Depths:1 Depths:3
Pandemonium: Orc:2 Depths:2
Ziggurat: Depths:1

Annotations:
Shoals:1 Roxanne
Elf:2 3 runed translucent doors
Vaults:1 2 transporters
Vaults:4 2 transporters, Marixus's ghost, adept HOFi
Depths:3 1 transporter


Innate Abilities, Weirdness & Mutations

You are a lightning-filled tempest!
Your electrical attacks strike out in all directions at once.
You are incredibly evasive.
Your insubstantial body is immune to petrification, constriction, and being set on fire You are flying.
You are immune to poison.
Your armour is entirely melded.
You are incapable of wielding weapons or throwing items.
You cannot wear most types of armour.
You are amphibious.
You can wear up to eight rings at the same time.
((Your skin changes colour to match your surroundings (Stealth+).))
((Your rubbery body absorbs attacks. (AC +1, EV +1)))
((You are camouflaged when in or above water. (Stealth+)))
((You have tentacles for arms and can constrict up to eight enemies at once.))
((One of your tentacles bears a spike.))
Your mind is acute. (Int +4, Str/Dex -1)
You are weak. (Str -2)
((You are vulnerable to heat. (rF-)))


Message History

The ancient lich completely misses you.
You hit the ancient lich. You punch the ancient lich!
The ancient lich is lightly damaged.
You blast the ancient lich!!!
The ancient lich is heavily damaged.
The ancient lich closely misses you.
You batter the ancient lich!!
The ancient lich is almost destroyed.
You buffet the ancient lich!
The ancient lich is almost destroyed.
The ancient lich casts a spell.
The ancient lich flickers and vanishes for a moment.
You blast the ancient lich!!!!
You destroy the ancient lich!
You now have 18066 gold pieces (gained 6).
An Orb Guardian comes into view.
An Orb Guardian is nearby!
An Orb Guardian is nearby!
An Orb Guardian is nearby!
Your transformation is almost over.
Found 6 stones.
An Orb Guardian comes into view.
A black draconian knight comes into view.
It is wielding a +0 war axe.
A black draconian comes into view. It is wielding a +0 glaive.
An Orb Guardian comes into view.
The black draconian knight roars!
The black draconian roars!
You blast the black draconian knight!!!!
You punch the black draconian knight!
The black draconian knight is almost dead.
You blast the Orb Guardian!!!
Lightning courses through the Orb Guardian!
You kill the Orb Guardian!
You hear a roar! x2
An Orb Guardian comes into view.
The black draconian knight points at you and mumbles some strange words.
The bolt of cold misses you.
A black draconian comes into view. It is wielding a +0 dire flail.
A white draconian comes into view. It is wielding a +0 trident.
An Orb Guardian comes into view.
You buffet the black draconian knight!
The black draconian knight is almost dead.
You batter the Orb Guardian!!
Your transformation has ended.
The +3 Elemental Staff {rElec rF++ rC++ AC+5} unmelds from your body.
Your +2 hat unmelds from your body.
You hit the black draconian knight. You grab the black draconian knight.
You tentacle-slap the black draconian knight, but do no damage.
You squeeze the black draconian knight.
You kill the black draconian knight!
An Orb Guardian comes into view.
The Orb Guardian completely misses you.
The white draconian is distracted by your dazzling golden aura.
An Orb Guardian comes into view.
The Orb Guardian is distracted by your dazzling golden aura.
An Orb Guardian comes into view.
You hit the Orb Guardian but do no damage.
The Orb Guardian is no longer distracted by gold.
The Orb Guardian is moderately wounded.
The Orb Guardian misses you. The Orb Guardian hits you!!
The Orb Guardian completely misses you.
An Orb Guardian comes into view.
The Orb Guardian hits you!
You hear a roar!
You hit the Orb Guardian but do no damage.
Your tentacle-slap misses the Orb Guardian.
The Orb Guardian is moderately wounded.
The Orb Guardian hits you. The Orb Guardian misses you.
The Orb Guardian hits you!! The Orb Guardian hits you!
You are too injured to fight recklessly!
Unknown command.
Blink to where?
Press: ? - help, Dir - move target
As you read the scroll of blinking, it crumbles to dust.
Casting: Storm Form (mildly dangerous; 1% risk of failure)
Confirm with . or Enter, or press ? or * to list all spells.
You feel a surge of power!
You turn into a lightning-filled tempest!
The +3 Elemental Staff {rElec rF++ rC++ AC+5} melds into your body.
Your +2 hat melds into your body.
The Orb Guardian is distracted by your dazzling golden aura. x2
You are too injured to fight recklessly!
You are too injured to fight recklessly!
You are too injured to fight recklessly!
You swing at nothing.
You completely miss the Orb Guardian. You punch the Orb Guardian!!
The Orb Guardian is moderately wounded.
The Orb Guardian hits you but does no damage.
You blast the Orb Guardian!!!!
You kill the Orb Guardian!
You blast the Orb Guardian!!!!
The Orb Guardian is almost dead.
You blast the Orb Guardian!!!!
Lightning courses through the Orb Guardian!
You kill the Orb Guardian!
You swing at nothing.
You see here 39 gold pieces.
The black draconian completely misses you.
You are too injured to fight recklessly!
You are too injured to fight recklessly!
You are too injured to fight recklessly!
You blast the black draconian!!!!
You kill the black draconian!
The black draconian breathes lightning at you.
The bolt of lightning misses you.
You hear a deafening roar!
Things that are here:
9 gold pieces; a +0 dire flail You now have 18105 gold pieces (gained 39).
You start resting.
A black draconian is nearby!
The black draconian breathes lightning at you.
The bolt of lightning hits you! You resist.
* * * LOW HITPOINT WARNING * * *
You blast the black draconian!!!!
The black draconian is almost dead.
You blast the black draconian!!!
You kill the black draconian!
You now have 18121 gold pieces (gained 16).
Things that are here:
a +0 glaive; a +0 dire flail You start resting.
A golden dragon comes into view.
A golden dragon is nearby!
A golden dragon is nearby!
You are too injured to fight recklessly!
You are too injured to fight recklessly!
You are too injured to fight recklessly!
You start resting.
A golden dragon is nearby!
You are too injured to fight recklessly!
You are too injured to fight recklessly!
You are too injured to fight recklessly!
Things that are here:
a +0 glaive; a +0 dire flail
Aiming: Blinkbolt
Press: ? - help, Dir - move target, f - golden dragon
Aim: a golden dragon (wandering, hasn't noticed you, 96% to hit)
The shock of your passage hits the golden dragon.
The golden dragon resists.
The golden dragon is lightly wounded.
You blink.
The golden dragon breathes poison at you.
The blast of poison misses you. The golden dragon breathes cold at you.
The bolt of cold misses you.
You blast the golden dragon!!!
You punch the golden dragon, but do no damage.
The golden dragon is heavily wounded.
You blast the golden dragon!!!!
You kill the golden dragon!
You now have 18134 gold pieces (gained 13).
You start resting.
You feel energetic enough to blinkbolt again.
You start resting.
Your transformation is almost over.
Your transformation has ended.
The +3 Elemental Staff {rElec rF++ rC++ AC+5} unmelds from your body.
Your +2 hat unmelds from your body.
You start resting.
You feel a surge of power!
You turn into a lightning-filled tempest!
The +3 Elemental Staff {rElec rF++ rC++ AC+5} melds into your body.
Your +2 hat melds into your body.
Magic restored.
A white draconian is nearby!
A white draconian is nearby!
A white draconian is nearby!
The white draconian breathes frost at you.
The blast of cold misses you.
You barely miss the white draconian.
You blast the white draconian!!!!
The white draconian is almost dead.
The white draconian completely misses you.
You blast the white draconian!!!!
You kill the white draconian!
No target in view!
No target in view!
HP restored.
You now have 18137 gold pieces (gained 3).
A - 21 potions of heal wounds (gained 1)
You see here a +0 trident.
An Orb Guardian is nearby!
An Orb Guardian is nearby!
An Orb Guardian is nearby!
Unknown command.
You extend your transformation's duration.
The Orb Guardian misses you.
You blast the Orb Guardian!!!
You punch the Orb Guardian.
The Orb Guardian is heavily wounded.
The Orb Guardian completely misses you.
You blast the Orb Guardian!!!!
You kill the Orb Guardian!
You blast the Orb Guardian!!!
Lightning courses through the Orb Guardian!!
You kill the Orb Guardian!
Your Dodging skill increases to level 22!
An Orb Guardian comes into view.
You see here 20 gold pieces.
You hit the Orb Guardian but do no damage.
You punch the Orb Guardian!!
The Orb Guardian is moderately wounded.
The Orb Guardian misses you.
You hit the Orb Guardian.
Lightning courses through the Orb Guardian!!
The Orb Guardian is heavily wounded.
You blast the Orb Guardian!!!!
You kill the Orb Guardian!
Found the Orb of Zot.
The Orb Guardian is distracted by your dazzling golden aura.
You see here 18 gold pieces.
The Orb Guardian is no longer distracted by gold.
The Orb Guardian is distracted by your dazzling golden aura.
You buffet the Orb Guardian!
The Orb Guardian is no longer distracted by gold.
The Orb Guardian is lightly wounded.
The Orb Guardian is distracted by your dazzling golden aura.
You blast the Orb Guardian!!!!
You kill the Orb Guardian!
The Orb Guardian is no longer distracted by gold.
The Orb Guardian is distracted by your dazzling golden aura.
The Orb Guardian barely misses you.
You see here 19 gold pieces.
You barely miss the Orb Guardian.
You blast the Orb Guardian!!!
The Orb Guardian is almost dead.
The Orb Guardian is no longer distracted by gold.
The Orb Guardian misses you.
You blast the Orb Guardian!!!!
You kill the Orb Guardian!
You blast the Orb Guardian!!!
The Orb Guardian is heavily wounded.
You barely miss the Orb Guardian. You punch the Orb Guardian!
The Orb Guardian is heavily wounded.
The Orb Guardian hits you!!
You hit the Orb Guardian but do no damage.
The Orb Guardian is heavily wounded.
The Orb Guardian pulls the alarm!
The alarm trap emits a blaring wail!
A sentinel's mark forms upon you. The Orb Guardian misses you.
You hear a roar!
You hear a deafening roar!
You batter the Orb Guardian!!
The Orb Guardian is almost dead.
You blast the Orb Guardian!!!!
Lightning courses through the Orb Guardian!
You kill the Orb Guardian!
The Orb Guardian is distracted by your dazzling golden aura.
You see here 41 gold pieces.
You see here 19 gold pieces.
You see here 18 gold pieces.
The Orb Guardian is distracted by your dazzling golden aura.
An Orb Guardian comes into view.
You see here 32 gold pieces.
The Orb Guardian is distracted by your dazzling golden aura.
An Orb Guardian comes into view.
The Orb Guardian fails to trigger a net trap.
The Orb Guardian is distracted by your dazzling golden aura.
The Orb Guardian is distracted by your dazzling golden aura.
The Orb Guardian is no longer distracted by gold. x2
The Orb Guardian is distracted by your dazzling golden aura. x2
The Orb Guardian is no longer distracted by gold.
The Orb Guardian is distracted by your dazzling golden aura. x2
You strike the helpless Orb Guardian from behind!
You blast the Orb Guardian!!!!
Lightning courses through the Orb Guardian!
You kill the Orb Guardian!
The Orb Guardian is no longer distracted by gold.
The Orb Guardian is distracted by your dazzling golden aura.
You blast the Orb Guardian!!!
The Orb Guardian is no longer distracted by gold.
The Orb Guardian is severely wounded.
You barely miss the Orb Guardian.
The Orb Guardian is no longer distracted by gold.
The sentinel's mark upon you fades away.
You blast the Orb Guardian!!!
You kill the Orb Guardian!
You blast the Orb Guardian!!!
The Orb Guardian is distracted by your dazzling golden aura.
You blast the Orb Guardian!!!!
Lightning courses through the Orb Guardian!
You kill the Orb Guardian!
No target in view!
No target in view!
A white draconian comes into view.
It is wielding a +0 battleaxe of flaming.
A white draconian is nearby!
You extend your transformation's duration.
A moth of wrath comes into view.
The white draconian is distracted by your dazzling golden aura.
There are monsters nearby!
The moth of wrath is distracted by your dazzling golden aura.
You see here 26 gold pieces.
The moth of wrath's fur bristles in rage as it notices you.
The white draconian is no longer distracted by gold.
You hit the white draconian but do no damage.
The white draconian is distracted by your dazzling golden aura.
You catch the helpless white draconian completely off-guard!
You blast the white draconian!!!!
The white draconian is no longer distracted by gold.
You punch the white draconian.
You kill the white draconian!
The moth of wrath is no longer distracted by gold.
Things that are here:
9 gold pieces; a +0 battleaxe of flaming You blast the moth of wrath!!!!
You kill the moth of wrath!
No target in view!
No target in view!
You now have 18146 gold pieces (gained 9).
You see here a +0 battleaxe of flaming.
You now have 18153 gold pieces (gained 7).
You now have 18185 gold pieces (gained 32).
You now have 18205 gold pieces (gained 20).
You now have 18252 gold pieces (gained 47).
Things that are here:
a +0 war axe; a +0 cloak You now have 18274 gold pieces (gained 22).
You now have 18292 gold pieces (gained 18).
You now have 18311 gold pieces (gained 19).
You now have 18352 gold pieces (gained 41).
You now have 18378 gold pieces (gained 26).
You now have 18399 gold pieces (gained 21).
You now have 18424 gold pieces (gained 25).
Things that are here:
a +0 glaive; a +0 dire flail Key pressed, stopping explore.
Your transformation is almost over.
Things that are here:
a +0 glaive; a +0 dire flail Your transformation has ended.
The +3 Elemental Staff {rElec rF++ rC++ AC+5} unmelds from your body.
Your +2 hat unmelds from your body.
A golden dragon comes into view.
The golden dragon moves out of view.
A golden dragon is nearby!
You feel a surge of power!
You turn into a lightning-filled tempest!
The +3 Elemental Staff {rElec rF++ rC++ AC+5} melds into your body.
Your +2 hat melds into your body.
The golden dragon roars deafeningly!
The golden dragon breathes poison at you.
The blast of poison misses you.
The golden dragon completely misses you.
The golden dragon claws you but does no damage.
The golden dragon barely misses you.
You blast the golden dragon!!!!
The golden dragon is almost dead.
You barely miss the golden dragon. You punch the golden dragon!
You kill the golden dragon!
No target in view!
No target in view!
No target in view!
You now have 18447 gold pieces (gained 23).
Done exploring.
Done exploring.
Done exploring.
Done exploring.
Done exploring.
Done exploring.
Okay, then.
Unknown command.
Search for what [Enter for "abyss", or ? for help]? disper Saving game... please wait.
Welcome back, sleeves the Octopode Air Elementalist.
Gozag says: Greed is good.
Press ? for a list of commands and other information.
Okay, then.
Okay, then.
Your transformation is almost over. [a] 2151 gold - Eseud's Armour Boutique [b] 1768 gold - Otedaby's Antique Weapon Boutique [c] 1394 gold - Daipp's Assorted Antiques Fund which merchant?
Daipp invites you to visit their Assorted Antiques.
You see here the Orb of Zot. [a] 2436 gold - Remah's Distillery [b] 2611 gold - Xiniod's General Store [c] 2075 gold - Kexzofri's Armour Boutique Fund which merchant?
Xiniod invites you to visit his General Store. [a] 1957 gold - Bigul's Jewellery Boutique [b] 2617 gold - Sabboo's General Store [c] 1515 gold - Qiadiasch's Weapon Emporium Fund which merchant?
Bigul invites you to visit her Jewellery Boutique.
Unknown command.
Okay, then.
Okay, then.
Okay, then.
V - the ring of Sineaz {Drain rPois rF+ rCorr Int+2} Thank you for shopping at Bigul's Jewellery Boutique!
Unknown command.
Really put on
V - the ring of Sineaz {Drain rPois rF+ rCorr Int+2}?
You remove the ring of Tuvumoh {rF+ Str+4 Stlth+}.
You feel clever.
V - the ring of Sineaz (right tentacle) {Drain rPois rF+ rCorr Int+2} Your transformation has ended.
The +3 Elemental Staff {rElec rF++ rC++ AC+5} unmelds from your body.
Your +2 hat unmelds from your body.
Okay, then.
Okay, then. [a] 1824 gold - Zoremouw's Armour Shop [b] 2152 gold - Gineq's Antique Weapon Boutique [c] 3152 gold - Cuxaila's Assorted Antiques Fund which merchant?
Zoremouw invites you to visit her Armour Shop.
Unknown command.
Unknown command.
You see here the Orb of Zot.
You pick up the Orb of Zot!
The Orb lets out a hideous shriek!
The lords of Pandemonium are not amused.
Beware!
Now all you have to do is get back out of the dungeon!
There is an entrance to Xiniod's General Store here.
A Cofaveath and a white imp come into view.
Cofaveath croaks, "Embrace submission, thou peaked nut-hook malt-worm!"
Cofaveath gestures.
Things that are here:
a +0 dire flail; a +0 glaive
Press: ? - help, v - describe, . - travel
Here: Cofaveath The floor.
Cofaveath gestures at you. The bolt of lightning misses you.
Cofaveath gestures.
Really fly into that permanent teleport trap?
You enter a permanent teleport trap!
Your surroundings suddenly seem different.
You feel a surge of power!
You turn into a lightning-filled tempest!
The +3 Elemental Staff {rElec rF++ rC++ AC+5} melds into your body.
Your +2 hat melds into your body.
Aiming: Blinkbolt
Press: ? - help, Dir - move target You see nothing there to target!
A shadow demon comes into view.
You blast the shadow demon!!!
The shadow demon is severely wounded.
The shadow demon gestures.
You blast the shadow demon!!!!
You kill the shadow demon!
The curse toe dissolves into shadows!
The storm dragon dissolves into shadows!
(D) Dungeon (T) Temple (L) Lair (A) Shoals (P) Snake Pit (M) Slime Pits (O) Orcish Mines (E) Elven Halls (V) Vaults (C) Crypt (W) Tomb (U) Depths (H) Hell (Z) Zot
Where to? (Enter - Zot:5 @ (x,y), ? - help)
An Orb Guardian comes into view.
There is a stone staircase leading up here.
You fly upwards.
There is a stone staircase leading down here.
An Orb Guardian comes into view.
A Xiluni and a neqoxec come into view.
You can't go up here!
Xiluni moves out of view.
The neqoxec moves out of view.
There is a stone staircase leading up here.
You can't go down here!
You fly upwards.
There is a stone staircase leading down here.
There is an escape hatch in the floor here.
There is an open door here.
Your transformation is almost over.
Your transformation has ended.
The +3 Elemental Staff {rElec rF++ rC++ AC+5} unmelds from your body.
Your +2 hat unmelds from your body.
You see here a +0 battleaxe.
You see here a +0 long sword.
You see here a +0 flail.
You see here a +0 war axe.
A green death comes into view.
Okay, then.
The green death roars!
An Orb Guardian comes into view.
The green death gestures at you. The poison arrow hits you!
You are poisoned.
You partially resist.
You feel sick.
You feel sick. The green death gestures at you. The poison arrow hits you!
You are more poisoned.
You partially resist.
There is a stone staircase leading up here.
You feel very sick. The Orb Guardian completely misses you.
The Orb Guardian barely misses you. The green death gestures at you.
The bolt of poison misses you.
You fly upwards.
You feel very sick.
There is a stone staircase leading down here.
You feel a surge of power!
You turn into a lightning-filled tempest!
The +3 Elemental Staff {rElec rF++ rC++ AC+5} melds into your body.
Your +2 hat melds into your body.
The Orb Guardian completely misses you.
You blast the Orb Guardian!!!!
You kill the Orb Guardian!
You now have 9944 gold pieces (gained 19).
There is a stone staircase leading down here.
You start resting.
A soul eater comes into view.
A soul eater is nearby!
Really quaff the potion of mutation?
You feel extremely strange.
You feel robust. x2
You feel a strange attunement to the structure of the dungeons.
A pair of antennae grows on your head!
The antennae on your head grow some more.
You blast the soul eater!!!!
You kill the soul eater!
No target in view!
No target in view!
You now have 9949 gold pieces (gained 5).
There is an open door here.
You start resting.
A sun demon comes into view.
Aiming: Blinkbolt
Press: ? - help, Dir - move target, f - you You see nothing there to target!
Unknown command.
Aiming: Blinkbolt
Press: ? - help, Dir - move target, f - sun demon
Aim: a sun demon (92% to hit)
The shock of your passage hits the sun demon.
The sun demon resists.
The sun demon is lightly wounded.
You blink.
The sun demon completely misses you.
You closely miss the sun demon.
The sun demon is lightly wounded.
You batter the sun demon!!
The sun demon is severely wounded.
The sun demon hits you.
You are engulfed in flames.
You resist.
You blast the sun demon!!!!
You kill the sun demon!
You now have 9953 gold pieces (gained 4).
There is an open door here.
There is a stone staircase leading up here.
You start resting.
You feel energetic enough to blinkbolt again.
You start resting.
An Orb Guardian comes into view.
An Orb Guardian is nearby!
Unknown command.
You blast the Orb Guardian!!!
The Orb Guardian is heavily wounded.
The Orb Guardian completely misses you.
You batter the Orb Guardian!!
Lightning courses through the Orb Guardian!
You punch the Orb Guardian.
You kill the Orb Guardian!
Really quaff the potion of mutation?
You feel extremely strange. The antennae on your head shrink a bit.
You feel slightly disoriented. The antennae on your head shrink away.
You feel frail.
You feel your magical essence link to the dungeon's wands.
One of your lower tentacles grows a sharp spike.
Unknown command.
Really quaff the potion of mutation?
You feel extremely strange.
Your magical essence no longer links to wands of the dungeon.
You begin to regenerate regardless of the presence of monsters.
You feel robust.
You feel vulnerable to heat.
You feel clever.
You feel weaker.
You fly upwards.
There is a stone staircase leading down here.
Things that are here:
a +0 long sword; a +0 halberd
Things that are here:
a +0 flail; a +0 battleaxe; a +2 mace of draining
There is an open door, spattered with blood here.
There is an open door here.
Things that are here:
a +0 cloak; a +0 rapier
There is a gate leading back out of this place, spattered with blood here.
You fly up through the gate.
Welcome back to the Depths!
There is a gate to the Realm of Zot here.
Your transformation has ended.
The +3 Elemental Staff {rElec rF++ rC++ AC+5} unmelds from your body.
Your +2 hat unmelds from your body.
You feel sick.
Unknown command.
You feel a surge of power!
You turn into a lightning-filled tempest!
The +3 Elemental Staff {rElec rF++ rC++ AC+5} melds into your body.
Your +2 hat melds into your body.
A demonic crawler comes into view.
Aiming: Blinkbolt
Press: ? - help, Dir - move target, f - demonic crawler
Aim: a demonic crawler (97% to hit)
The shock of your passage hits the demonic crawler.
The demonic crawler resists.
The demonic crawler is lightly wounded.
You blink.
You batter the demonic crawler!!
You punch the demonic crawler, but do no damage.
The demonic crawler is heavily wounded.
You blast the demonic crawler!!!!
You kill the demonic crawler!
You feel energetic enough to blinkbolt again.
You see here a +0 cloak.
Magic restored.
Items here: ( ) [[.
A tormentor comes into view.
Aiming: Blinkbolt
Press: ? - help, Dir - move target, f - tormentor
Aim: a tormentor (92% to hit)
The shock of your passage hits the tormentor!!
The tormentor is almost dead.
You blink.
You blast the tormentor!!!
You kill the tormentor!
You now have 9956 gold pieces (gained 3).
You feel energetic enough to blinkbolt again.
There is a large open door here.
A demonspawn blood saint and a balrug come into view.
The demonspawn blood saint is wielding a +2 vampiric dagger.
The demonspawn blood saint moves out of view.
The balrug moves out of view.
There is a shimmering blue altar of Sif Muna here.
An Orb Guardian comes into view.
There is an open door here.
There is an open door here.
There is an open door here.
You blast the Orb Guardian!!!
Your punch misses the Orb Guardian.
The Orb Guardian is almost dead.
The Orb Guardian barely misses you. The balrug gestures at you.
Makhleb smites you!
You blast the Orb Guardian!!!!
You kill the Orb Guardian!
You see here 17 gold pieces.
The balrug completely misses you.
You blast the balrug!!!
The balrug is almost dead.
You hit the balrug. Lightning courses through the balrug!!
You kill the balrug!
No target in view!
You now have 9973 gold pieces (gained 17).
There is an open door here.
Your transformation is almost over.
There is an open door here.
There is an escape hatch in the ceiling here.
HP restored.
A mysterious force pulls you upwards. The hatch slams shut behind you.
Level annotation: 1 transporter Your transformation has ended.
The +3 Elemental Staff {rElec rF++ rC++ AC+5} unmelds from your body.
Your +2 hat unmelds from your body.
You feel sick.
You feel sick.
You feel sick.
You feel sick.
You feel sick.
You feel sick.
You feel sick.
You are no longer poisoned.
HP restored.
There is a stone staircase leading down here.
There is a stone staircase leading up here.
You fly upwards.
A seraph, an angel, a daeva and a cherub come into view.
The seraph is wielding a +6 great sword of flaming.
The angel is wielding a +2 whip of holy wrath.
The daeva is wielding a +2 scimitar of holy wrath.
The cherub is wielding a +2 falchion of flaming.
There is a stone staircase leading down here.
Unknown command.
Blink to where?
Press: ? - help, Dir - move target
As you read the scroll of blinking, it crumbles to dust.
The seraph moves out of view.
The angel moves out of view.
The daeva moves out of view.
The cherub moves out of view.
Casting: Storm Form (mildly dangerous; 1% risk of failure)
Confirm with . or Enter, or press ? or * to list all spells.
You feel a surge of power!
You feel quick.
There is an open door here.
There is a stone staircase leading up here.
You can't go down here!
You fly upwards.
There is a stone staircase leading down here.
Magic restored.
Things that are here:
a +0 robe; a +1 whip of draining
There is an open door here.
You see here a +0 robe.
There is a staircase back to the Dungeon here.
You fly upwards.
Welcome back to the Dungeon!
There is a staircase to the Depths, spattered with blood here.
Items here: )) [[[.
You feel a surge of power!
You turn into a lightning-filled tempest!
The +3 Elemental Staff {rElec rF++ rC++ AC+5} melds into your body.
Your +2 hat melds into your body.
Things that are here:
a +0 robe; a +0 rapier
There is an open door, spattered with blood here.
Things that are here:
a +0 buckler; a +0 robe; a +2 quick blade of draining You start to feel a little slower.
There is an open door here.
You feel sluggish.
There is a stone staircase leading up here.
You fly upwards.
There is a stone staircase leading down here.
Magic restored.
You start to feel a little faster.
You no longer feel sluggish.
A rust devil comes into view.
You can't go up here!
Aiming: Blinkbolt
Press: ? - help, Dir - move target, f - rust devil
Aim: a rust devil (95% to hit)
The shock of your passage hits the rust devil!
The rust devil resists.
The rust devil is moderately wounded.
You blink.
You blast the rust devil!!!
You kill the rust devil!
You now have 9978 gold pieces (gained 5).
(D) Dungeon (T) Temple (L) Lair (A) Shoals (P) Snake Pit (M) Slime Pits (O) Orcish Mines (E) Elven Halls (V) Vaults (C) Crypt (W) Tomb (U) Depths (H) Hell (Z) Zot
Where to? (Enter - D:14 @ (x,y), ? - help)
A smoke demon and a chaos spawn come into view.
Biexzosch comes into view.
The smoke demon gestures at you. The ball of steam hits you. You resist.
Your transformation is almost over.
There is a stone staircase leading up here.
You fly upwards.
You feel energetic enough to blinkbolt again.
There is a stone staircase leading down here.
HP restored.
Your transformation has ended.
The +3 Elemental Staff {rElec rF++ rC++ AC+5} unmelds from your body.
Your +2 hat unmelds from your body.
There is a stone staircase leading up here.
Do you want to bribe the denizens of the Dungeon? [Y]es or [N]o only, please.
Do you want to bribe the denizens of the Dungeon?
Gozag spreads your bribe to the Dungeon!
You fly upwards.
There is a stone staircase leading down here.
There is an open door here. 2 hell hounds come into view.
You can't go up here!
A hell hound comes into view.
A hell hound comes into view.
There is an open door here.
You barely miss the hell hound. You grab the hell hound.
You pierce the hell hound.
You tentacle-slap the hell hound, but do no damage.
The hell hound is lightly wounded.
You constrict the hell hound, but do no damage.
The hell hound closely misses you. The hell hound breathes flames at you.
The blast of flame hits the hell hound.
The hell hound completely resists.
The blast of flame misses you.
The hell hound bites you but does no damage.
The hell hound completely misses you.
You sock the hell hound!
You pierce the hell hound, but do no damage.
You tentacle-slap the hell hound!
You kill the hell hound!
The hell hound misses you.
The hell hound completely misses you. x2
You feel a surge of power!
You turn into a lightning-filled tempest!
The +3 Elemental Staff {rElec rF++ rC++ AC+5} melds into your body.
Your +2 hat melds into your body.
The hell hound misses you. The hell hound completely misses you.
You batter the hell hound!! You punch the hell hound.
You kill the hell hound!
You blast the hell hound!!!
You kill the hell hound!
The hell hound is distracted by your dazzling golden aura.
The hell hound is no longer distracted by gold.
The hell hound completely misses you.
You see here 6 gold pieces.
You closely miss the hell hound. The hell hound completely misses you.
You blast the hell hound!!!
You kill the hell hound!
No target in view!
No target in view!
No target in view!
No target in view!
No target in view!
No target in view!
(D) Dungeon (T) Temple (L) Lair (A) Shoals (P) Snake Pit (M) Slime Pits (O) Orcish Mines (E) Elven Halls (V) Vaults (C) Crypt (W) Tomb (U) Depths (H) Hell (Z) Zot
Where to? (Enter - D:12 @ (x,y), ? - help)
You see here a +0 falchion.
There is a stone staircase leading up here.
You fly upwards.
There is a stone staircase leading down here.
(D) Dungeon (T) Temple (L) Lair (A) Shoals (P) Snake Pit (M) Slime Pits (O) Orcish Mines (E) Elven Halls (V) Vaults (C) Crypt (W) Tomb (U) Depths (H) Hell (Z) Zot
Where to? (Enter - D:11, ? - help) Magic restored.
Things that are here:
a +0 scale mail; a +0 club
There is an open door here.
A ynoxinul comes into view.
The ynoxinul stares, then turns away, jangling a coin purse.
(D) Dungeon (T) Temple (L) Lair (A) Shoals (P) Snake Pit (M) Slime Pits (O) Orcish Mines (E) Elven Halls (V) Vaults (C) Crypt (W) Tomb (U) Depths (H) Hell (Z) Zot
Where to? (Enter - D:10, ? - help)
Things that are here:
a +0 ring mail; a +0 flail; a +0 flail You see here a +0 club.
There is a stone staircase leading up here.
You fly upwards.
There is a stone staircase leading down here.
You can't go up here!
(D) Dungeon (T) Temple (L) Lair (A) Shoals (P) Snake Pit (M) Slime Pits (O) Orcish Mines (E) Elven Halls (V) Vaults (C) Crypt (W) Tomb (U) Depths (H) Hell (Z) Zot
Where to? (Enter - D:10, ? - help)
A chaos spawn comes into view.
(D) Dungeon (T) Temple (L) Lair (A) Shoals (P) Snake Pit (M) Slime Pits (O) Orcish Mines (E) Elven Halls (V) Vaults (C) Crypt (W) Tomb (U) Depths (H) Hell (Z) Zot
Where to? (Enter - D:9, ? - help)
A chaos spawn is nearby!
You buffet the chaos spawn!
You punch the chaos spawn.
The chaos spawn is heavily wounded.
You blast the chaos spawn!!!!
You kill the chaos spawn!
The chaos spawn degenerates into a cloud of primal chaos!
No target in view!
(D) Dungeon (T) Temple (L) Lair (A) Shoals (P) Snake Pit (M) Slime Pits (O) Orcish Mines (E) Elven Halls (V) Vaults (C) Crypt (W) Tomb (U) Depths (H) Hell (Z) Zot
Where to? (Enter - D:9, ? - help)
A rakshasa and a wraith come into view.
(D) Dungeon (T) Temple (L) Lair (A) Shoals (P) Snake Pit (M) Slime Pits (O) Orcish Mines (E) Elven Halls (V) Vaults (C) Crypt (W) Tomb (U) Depths (H) Hell (Z) Zot
Where to? (Enter - D:9, ? - help)
There are monsters nearby!
There is a stone staircase leading up here.
The rakshasa is distracted by your dazzling golden aura.
You fly upwards.
There is a stone staircase leading down here.
(D) Dungeon (T) Temple (L) Lair (A) Shoals (P) Snake Pit (M) Slime Pits (O) Orcish Mines (E) Elven Halls (V) Vaults (C) Crypt (W) Tomb (U) Depths (H) Hell (Z) Zot
Where to? (Enter - D:9, ? - help)
You see here a +0 quarterstaff.
Your hellion grins greedily, jangling a coin purse.
A hellion comes into view.
(D) Dungeon (T) Temple (L) Lair (A) Shoals (P) Snake Pit (M) Slime Pits (O) Orcish Mines (E) Elven Halls (V) Vaults (C) Crypt (W) Tomb (U) Depths (H) Hell (Z) Zot
Where to? (Enter - D:8, ? - help)
You swap places.
You hear a grinding noise.
You hear a grinding noise.
A sixfirhy comes into view.
The sixfirhy stares, then turns away, jangling a coin purse.
Something hits the sixfirhy!
Something shocks the sixfirhy.
The sixfirhy completely resists.
Things that are here:
a +0 broad axe; a +0 plate armour
(D) Dungeon (T) Temple (L) Lair (A) Shoals (P) Snake Pit (M) Slime Pits (O) Orcish Mines (E) Elven Halls (V) Vaults (C) Crypt (W) Tomb (U) Depths (H) Hell (Z) Zot
Where to? (Enter - D:8, ? - help)
Your transformation is almost over.
There is a stone staircase leading up here.
You fly upwards.
There is a stone staircase leading down here.
(D) Dungeon (T) Temple (L) Lair (A) Shoals (P) Snake Pit (M) Slime Pits (O) Orcish Mines (E) Elven Halls (V) Vaults (C) Crypt (W) Tomb (U) Depths (H) Hell (Z) Zot
Where to? (Enter - D:8, ? - help)
Your transformation has ended.
The +3 Elemental Staff {rElec rF++ rC++ AC+5} unmelds from your body.
Your +2 hat unmelds from your body.
There is a stone staircase leading up here.
You fly upwards.
There is a stone staircase leading down here.
(D) Dungeon (T) Temple (L) Lair (A) Shoals (P) Snake Pit (M) Slime Pits (O) Orcish Mines (E) Elven Halls (V) Vaults (C) Crypt (W) Tomb (U) Depths (H) Hell (Z) Zot
Where to? (Enter - D:7, ? - help)
There is a stone staircase leading up here.
You fly upwards.
There is a stone staircase leading down here.
(D) Dungeon (T) Temple (L) Lair (A) Shoals (P) Snake Pit (M) Slime Pits (O) Orcish Mines (E) Elven Halls (V) Vaults (C) Crypt (W) Tomb (U) Depths (H) Hell (Z) Zot
Where to? (Enter - D:6, ? - help)
There is a stone staircase leading up here.
You fly upwards.
There is a stone staircase leading down here.
(D) Dungeon (T) Temple (L) Lair (A) Shoals (P) Snake Pit (M) Slime Pits (O) Orcish Mines (E) Elven Halls (V) Vaults (C) Crypt (W) Tomb (U) Depths (H) Hell (Z) Zot
Where to? (Enter - D:5, ? - help)
There is a stone staircase leading up here.
You fly upwards.
There is a stone staircase leading down here.
(D) Dungeon (T) Temple (L) Lair (A) Shoals (P) Snake Pit (M) Slime Pits (O) Orcish Mines (E) Elven Halls (V) Vaults (C) Crypt (W) Tomb (U) Depths (H) Hell (Z) Zot
Where to? (Enter - D:4, ? - help)
The orange demon stares, then turns away, jangling a coin purse.
A large abomination and an orange demon come into view.
Your hellion gestures at the large abomination.
The sphere of damnation explodes!
The damnation engulfs the large abomination!!
Kagyu comes into view. It is armed with a flaming touch.
Kagyu stares, then turns away, jangling a coin purse.
Your hellion hits the large abomination.
Your hellion hits the large abomination but does no damage.
The large abomination hits your hellion.
Your hellion gestures at the large abomination.
The sphere of damnation explodes!
The damnation engulfs the large abomination!!
The large abomination is destroyed!
The damnation engulfs your hellion.
Your hellion completely resists.
There is a stone staircase leading up here.
Layn stares, then turns away, jangling a coin purse.
A Layn and a chaos spawn come into view.
Your hellion hits the chaos spawn but does no damage.
Your hellion gestures at the chaos spawn.
The sphere of damnation explodes!
The damnation engulfs the chaos spawn!!
The damnation engulfs Kagyu!!!
The damnation engulfs your hellion.
Your hellion completely resists.
Kagyu hits the chaos spawn!!
Kagyu burns the chaos spawn.
The chaos spawn dies!
The chaos spawn degenerates into a cloud of primal chaos!
A hellwing comes into view.
The hellwing stares, then turns away, jangling a coin purse.
You fly upwards.
There is a stone staircase leading down here.
You swap places.
A red devil comes into view. It is wielding a +0 trident.
You can't go up here!
You feel a surge of power!
You turn into a lightning-filled tempest!
The +3 Elemental Staff {rElec rF++ rC++ AC+5} melds into your body.
Your +2 hat melds into your body.
Your hellion gestures at the red devil.
The sphere of damnation explodes!
The damnation engulfs the red devil!!
The red devil hits your hellion from afar with a +0 trident!
Your hellion is skewered by barbed spikes.
Your hellion gestures at the red devil.
The sphere of damnation explodes!
The damnation engulfs the red devil!!
The red devil dies!
(D) Dungeon (T) Temple (L) Lair (A) Shoals (P) Snake Pit (M) Slime Pits (O) Orcish Mines (E) Elven Halls (V) Vaults (C) Crypt (W) Tomb (U) Depths (H) Hell (Z) Zot
Where to? (Enter - D:3 @ (x,y), ? - help)
Your hellion dies!
There is a stone staircase leading up here.
You fly upwards.
There is a stone staircase leading down here.
(D) Dungeon (T) Temple (L) Lair (A) Shoals (P) Snake Pit (M) Slime Pits (O) Orcish Mines (E) Elven Halls (V) Vaults (C) Crypt (W) Tomb (U) Depths (H) Hell (Z) Zot
Where to? (Enter - D:2, ? - help) Magic restored.
You see here a +0 sling.
There is a stone staircase leading up here.
You fly upwards.
There is a stone staircase leading down here.
(D) Dungeon (T) Temple (L) Lair (A) Shoals (P) Snake Pit (M) Slime Pits (O) Orcish Mines (E) Elven Halls (V) Vaults (C) Crypt (W) Tomb (U) Depths (H) Hell (Z) Zot
Where to? (Enter - D:1, ? - help)
Okay, then.
(D) Dungeon (T) Temple (L) Lair (A) Shoals (P) Snake Pit (M) Slime Pits (O) Orcish Mines (E) Elven Halls (V) Vaults (C) Crypt (W) Tomb (U) Depths (H) Hell (Z) Zot
Where to? (Enter - D:1, ? - help)
Okay, then.
You reach down and open the door.
There is an open door here.
Your transformation is almost over.
A hell beast comes into view.
There is a staircase leading out of the dungeon here.
You have escaped!

.###### #......###.#.#
......# ####'####.....#.#
......#
##PP#.#PP#####.#.#
......# ##P~~#.#P.P##
#.#.# .####.#
##P~~~#.#...P###.#.# .#
#.# #P~~~~#.#....P##.#.#
.# #.##
#P~~~~#.#..PPP##.#.# .#
#..#########.########.#.#
.#
##...'......v.....2+..#.#
.#
###########.########.#.#
.# #PP...#.#~~~~P#..#.#
.# #PPP..#.#~~~~P#.##.#
.## ##P..P#.#~~~P##.##.#
..#####
##PPP#.#~~P###.##.#
......# ##PP#.#PP##
#.##.# #####.###
####+#### #.##.#
....#...# ###.# #.##.#


You could see a hell beast.

Vanquished Creatures
  the Royal Jelly (Slime:5)
  8 orbs of fire
  2 dread liches (Zot:5)
  4 ancient liches
  A juggernaut (Depths:4)
  Mennas (Vaults:2)
  Boris (twice) (Crypt:3 Vaults:5)
  Josephina (Crypt:2)
  Bai Suzhen (Vaults:2)
  Frederick (Crypt:2)
  4 curse toes
  Xtahua (Vaults:4)
  7 Killer Klowns
  Nikola (Shoals:3)
  11 caustic shrikes
  19 golden dragons
  A profane servitor (Abyss:3)
  the Enchantress (D:15)
  Jory (Crypt:2)
  7 bone dragons
  The ghost of Shayle the Thanatomancer, an adept DsRe of Gozag (Elf:3)
  3 electric golems
  An iron giant (Depths:1)
  Rupert (Orc:2)
  A hellephant (Abyss:4)
  The ghost of Haregg the Black Belt, an adept DsBe of Trog (Depths:1)
  29 tentacled monstrosities
  11 liches
  2 walking earthen tomes (Depths:4)
  3 walking crystal tomes (Depths:4)
  2 deep elf blademasters (Elf:3)
  The ghost of Tuashofa the Imperceptible, an adept FeVM of Ru (Depths:1)
  28 Orb Guardians
  A walking divine tome (Depths:4)
  4 titans
  2 deep elf master archers (Elf:3)
  6 quicksilver dragons
  16 tentacled starspawn
  Polyphemus (Shoals:4)
  10 acid blobs
  14 death cobs
  3 Executioners (Abyss:3)
  6 sphinxes
  Gastronok (D:9)
  4 ancient champions (Crypt:3)
  2 krakens
  The ghost of Ocirch the Deadly Accurate, an adept DsGl of Dithmenos (Snake:4)
  16 shadow dragons
  Frances (Snake:1)
  21 storm dragons
  Donald (Crypt:2)
  10 tengu reavers
  11 rockslimes
  9 fire giants
  6 azure jellies
  Ilsuiw (Shoals:2)
  2 nagarajas (Snake:4)
  9 draconian monks
  7 draconian knights
  A revenant (Crypt:2)
  A fenstrider witch (Shoals:2)
  10 deep elf sorcerers
  17 vault wardens
  Louise (Depths:1)
  3 ghost moths
  6 iron dragons
  2 cacodemons (Abyss:3)
  6 frost giants
  3 draconian scorchers
  3 balrugs
  A curse skull (Crypt:3)
  4 draconian stormcallers
  A caustic shrike zombie (Abyss:3)
  2 draconian shifters
  6 spriggan defenders
  The ghost of Zatt the Spry, an adept SpAK of Lugonu (Depths:1)
  2 deep elf elementalists (Elf:3)
  11 ironbound thunderhulks
  9 draconian annihilators
  4 orc warlords
  13 ghouls
  A caustic shrike skeleton (Crypt:3)
  An ophan (Abyss:3)
  3 war gargoyles
  A juggernaut skeleton (Crypt:3)
  10 green draconians
  27 stone giants
  2 starflowers (Abyss:4)
  4 deep elf demonologists (Elf:3)
  16 ironbound preservers
  8 quicksilver oozes (Slime:5)
  46 very ugly things
  13 yellow draconians
  18 black draconians
  4 vampire knights
  25 starcursed masses
  16 purple draconians
  15 white draconians
  2 bunyips (Abyss:3)
  5 deep elf annihilators
  15 dire elephants
  14 red draconians
  2 spark wasps
  Snorg (Lair:5)
  4 eidola
  Azrael (Orc:2)
  4 merfolk javelineers
  9 deep elf death magi
  13 ettins
  A crystal guardian (Vaults:4)
  8 merfolk impalers
  13 fire dragons
  A green death (Abyss:3)
  5 deep elf high priests
  A fire dragon (shapeshifter) (Vaults:5)
  2 entropy weavers
  A fenstrider witch zombie (Abyss:2)
  5 jiangshi
  8 yaktaur captains
  6 great orbs of eyes
  Fannar (Lair:1)
  Harold (Lair:1)
  2 peacekeepers
  26 vault guards (Vaults:5)
  18 ice dragons
  6 salamander tyrants
  7 spriggan air magi
  4 spriggan skeletons
  5 ogre magi
  3 demonspawn (Orc:2)
  A jorogumo (shapeshifter) (Depths:2)
  7 rakshasas
  An alligator snapping turtle (Shoals:3)
  3 merfolk avatars (Shoals:4)
  Erica (Lair:1)
  A death knight (Crypt:3)
  8 ironbound frosthearts
  3 satyrs
  4 merfolk aquamancers
  5 catoblepae
  5 hydras
  17 centaur warriors
  10 anacondas
  An anaconda (shapeshifter) (Depths:4)
  14 dancing weapons
  8 death yaks
  A shock serpent (shapeshifter) (Vaults:5)
  6 tengu warriors
  8 vampire magi
  11 two-headed ogres
  2 boulder beetles (D:14)
  A fenstrider witch skeleton (Crypt:2)
  8 orc high priests
  15 deep troll earth magi
  14 naga warriors
  11 deep troll shamans
  5 shock serpents
  5 hell hogs (Abyss:3)
  The ghost of MakMorn the Zephyrmancer, a novice AtAE of Hepliaklqana (D:12)
  10 naga sharpshooters
  6 spriggan berserkers
  2 soul eaters
  17 thrashing horrors
  3 spriggans (D:15)
  11 deep elf knights
  7 hell knights
  5 sun demons
  2 titan skeletons
  48 deep trolls
  23 sea snakes
  5 iron trolls
  3 sixfirhies (Abyss:3)
  13 wretched stars
  5 shadow wraiths
  45 skeletal warriors
  2 spatial maelstroms (Abyss:3)
  4 flayed ghosts
  3 naga ritualists
  Pikel (D:9)
  16 deep elf archers
  9 glowing orange brains
  An anaconda zombie (Abyss:3)
  A shadow demon (Zot:5)
  An obsidian statue (Vaults:2)
  2 bog bodies
  A sphinx zombie (Vaults:5)
  21 ironbound convokers
  A shadow dragon zombie (Vaults:5)
  13 wizards
  A steelbarb worm (shapeshifter) (Vaults:5)
  An anaconda skeleton (Crypt:3)
  A spriggan simulacrum (Crypt:2)
  A lindwurm (shapeshifter) (Vaults:5)
  9 phantasmal warriors
  6 lindwurms
  16 orc knights
  2 bunyip skeletons (Crypt:3)
  26 deep elf pyromancers
  7 mana vipers
  An oklob plant (Abyss:4)
  14 harpies
  9 cyclopes
  29 deep elf zephyrmancers
  A shining eye (Abyss:3)
  6 orc sorcerers
  5 necromancers
  11 manticores
  24 moths of wrath
  6 guardian serpents
  11 fauns
  3 worldbinders (Abyss:3)
  16 elephants
  12 merfolk sirens
  41 ugly things
  An iron dragon skeleton (Crypt:2)
  10 salamanders
  Joseph (D:7)
  3 rust devils
  Maurice (D:12)
  13 apocalypse crabs
  A guardian serpent (shapeshifter) (Elf:1)
  13 vault sentinels
  A black mamba (shapeshifter) (Vaults:5)
  25 black mambas
  9 water nymphs
  4 orange demons (Abyss:3)
  An eye of devastation (Slime:5)
  An eye of devastation (shapeshifter) (Vaults:5)
  32 large abominations
  10 naga magi
  A dire elephant skeleton (Crypt:3)
  5 cane toads
  6 smoke demons
  5 torpor snails (Lair:5)
  Maggie (D:9)
  A gargoyle (D:12)
  An unseen horror zombie (Crypt:2)
  A green draconian zombie (Crypt:1)
  A red draconian zombie (Crypt:2)
  3 centaur skeletons (Crypt:3)
  2 demonic crawlers
  7 kobold demonologists
  3 naga skeletons (Crypt:3)
  A bunyip simulacrum (Crypt:2)
  7 komodo dragons
  A purple draconian zombie (Crypt:3)
  3 efreet (Abyss:3)
  8 freezing wraiths
  36 yaktaurs
  A yaktaur (shapeshifter) (D:14)
  4 tengu conjurers
  A komodo dragon (shapeshifter) (Vaults:5)
  Psyche (D:8)
  An anaconda simulacrum (Crypt:2)
  A black draconian skeleton (Crypt:1)
  4 guardian mummies (Crypt:3)
  8 ancient zymes
  A tormentor (Depths:4)
  2 alligator snapping turtle skeletons (Crypt:3)
  A red draconian skeleton (Crypt:3)
  3 meliai (D:13)
  21 merfolk
  9 trolls
  A mana viper skeleton (Crypt:1)
  7 blink frogs
  9 hornets
  A hydra skeleton (Crypt:3)
  2 harpy skeletons (Crypt:3)
  A wind drake (shapeshifter) (D:15)
  11 polar bears
  38 raiju
  3 tyrant leeches (Lair:5)
  13 dream sheep
  A tarantella (Vaults:4)
  78 slime creatures
  3 wind drakes
  10 snapping turtles
  An ice dragon zombie (Crypt:1)
  A guardian serpent skeleton (Crypt:3)
  17 flying skulls
  A jumping spider (Vaults:4)
  A slime creature zombie (Crypt:1)
  41 yaks
  7 ynoxinuls
  2 air elementals
  3 vampires
  A human (shapeshifter) (Vaults:5)
  2 ettin skeletons
  8 water elementals
  4 fire elementals
  7 fire bats (Volcano)
  A culicivora (Vaults:1)
  A dire elephant simulacrum (Abyss:3)
  A wyvern (Lair:4)
  4 wraiths
  2 basilisks
  A redback (Vaults:1)
  5 golden eyes
  A wind drake zombie (Crypt:1)
  A wind drake skeleton (Crypt:1)
  4 chaos spawn
  3 neqoxecs (Abyss:3)
  A redback (shapeshifter) (Vaults:5)
  2 spatial vortices (Abyss:3)
  7 wargs
  A harpy simulacrum (Crypt:2)
  37 nagas
  Duvessa (D:6)
  An acid dragon (D:8)
  A demonspawn zombie (Crypt:3)
  20 hell hounds
  6 water moccasins
  A glowing shapeshifter skeleton (Vaults:5)
  A floating eye (Slime:5)
  11 black bears (Lair:5)
  2 sky beasts (D:7)
  54 orc warriors
  2 ice beasts (D:7)
  9 ogres
  A boggart (Elf:1)
  16 wolves
  7 centaurs
  A manticore skeleton (Crypt:3)
  2 kobold brigands
  31 small abominations
  A gnoll sergeant (D:7)
  An elf zombie (Crypt:3)
  8 bullfrogs
  A naga simulacrum (Crypt:2)
  3 scorpions
  11 earth elementals
  5 necrophages
  A yaktaur skeleton (Crypt:1)
  A warg zombie (Crypt:3)
  3 wights (Abyss:3)
  Dowan (D:6)
  A human simulacrum (Vaults:5)
  A yak skeleton (Crypt:2)
  12 killer bees
  8 electric eels
  3 howler monkeys (D:9)
  A crimson imp (Abyss:3)
  A wolf skeleton (Crypt:3)
  3 quasits (Abyss:3)
  A bullfrog zombie (Crypt:2)
  2 hounds
  7 lava snakes (Volcano)
  28 orc priests
  5 iron imps
  3 jellies
  A bullfrog skeleton (Crypt:1)
  Jessica (D:3)
  An iguana (shapeshifter) (Depths:4)
  Natasha (thrice) (D:3)
  3 iguanas
  21 orc wizards
  2 tengu skeletons
  A deep dwarf skeleton (Crypt:3)
  3 mummies (Ossuary)
  18 gnolls
  An adder (D:4)
  A shadow imp (Abyss:2)
  2 white imps
  4 ufetubi
  4 worms (D:2)
  3 dart slugs
  90 orcs
  3 ball pythons (D:1)
  6 bats
  A bat zombie (Crypt:1)
  10 endoplasms
  3 giant cockroaches
  12 goblins
  12 hobgoblins
  13 kobolds
  8 quokkas
  2 frilled lizards (D:1)
  2 goblin zombies (Ossuary)
  3 hobgoblin zombies (Ossuary)
  A kobold zombie (Ossuary)
  An orc zombie (Ossuary)
  A quokka skeleton (Crypt:3)
  6 rats
  A rat zombie (Crypt:1)
  A lurking horror (Abyss:3)
  16 starspawn tentacles
  5 tentacles
2720 creatures vanquished.

Vanquished Creatures (collateral kills)
  A large abomination (D:4)
  A vault sentinel (Vaults:2)
  A red devil (D:3)
  A howler monkey (D:13)
4 creatures vanquished.

Vanquished Creatures (others)
  A fire giant (Vaults:5)
  2 deep elf knights
  A sixfirhy (D:9)
  A hellion (D:3)
  3 large abominations (Abyss:3)
  A chaos spawn (D:4)
  A vampire mosquito (D:13)
  An orc warrior (Orc:2)
  An ogre (Orc:1)
  A ball python (shapeshifter) (Depths:4)
  A bush (Lair:4)
  13 fungi
  83 plants
  21 starspawn tentacles
  6 tentacles
137 creatures vanquished.

Grand Total: 2861 creatures vanquished

Notes
Turn   | Place    | Note
-------+----------+-------------------------------------------
     0 | D:1      | sleeves the Octopode Air Elementalist began the quest for
                  | the Orb.
     0 | D:1      | Reached XP level 1. HP: 11/11 MP: 3/3
   250 | D:1      | Reached XP level 2. HP: 17/17 MP: 3/5
   559 | D:1      | HP: 7/17 [dart slug/slug dart (4)]
   787 | D:1      | Reached skill level 4 in Air Magic
   832 | D:1      | Reached XP level 3. HP: 21/21 MP: 6/6
  1210 | D:2      | Identified the +0 cloak of Vanity {-Tele rC- rCorr Str+4}
  1679 | D:2      | Reached XP level 4. HP: 27/27 MP: 7/7
  2486 | D:3      | Noticed Jessica
  2499 | D:3      | Killed Jessica
  2500 | D:3      | Reached skill level 5 in Air Magic
  2982 | D:3      | Noticed Natasha
  3165 | D:3      | Killed Natasha
  3166 | D:3      | Reached XP level 5. HP: 26/31 MP: 5/8
  3261 | D:3      | Noticed Natasha
  3264 | D:3      | Killed Natasha
  3273 | D:3      | Noticed Natasha
  3282 | D:3      | Killed Natasha
  3283 | D:3      | Reached skill level 6 in Air Magic
  3637 | D:4      | Reached XP level 6. HP: 36/36 MP: 9/9
  3640 | D:4      | Found a shimmering altar of Xom.
  3709 | D:4      | Found a staircase to the Ecumenical Temple.
  3722 | Temple   | Entered the Ecumenical Temple
  3903 | D:4      | Found a sand-covered staircase.
  3912 | Ossuary  | Entered an ossuary
  3912 | Ossuary  | Noticed a wraith
  3912 | Ossuary  | Noticed a wraith
  3912 | Ossuary  | Noticed a wraith
  3917 | Ossuary  | Learned a level 3 spell: Swiftness
  3961 | Ossuary  | Reached skill level 7 in Air Magic
  4226 | Ossuary  | Noticed a wraith
  4779 | D:5      | Entered Level 5 of the Dungeon
  4963 | D:5      | HP: 14/36 [iguana (7)]
  5052 | D:5      | Learned a level 4 spell: Airstrike
  5075 | D:5      | Reached XP level 7. HP: 41/41 MP: 10/10
  5191 | D:5      | Reached skill level 8 in Air Magic
  5384 | D:5      | Found an opulent altar of Gozag.
  5455 | D:5      | Became a worshipper of Gozag Ym Sagoz the Greedy
  5696 | D:6      | HP: 19/41 [centaur (3)]
  5700 | D:6      | Reached skill level 9 in Air Magic
  5958 | D:6      | Reached XP level 8. HP: 43/46 MP: 11/11
  5996 | D:6      | Found a hazy altar of Hepliaklqana.
  5997 | D:6      | Found an iron altar of Okawaru.
  6465 | D:6      | Noticed Duvessa
  6491 | D:6      | Killed Duvessa
  6596 | D:6      | Noticed Dowan
  6729 | D:6      | Killed Dowan
  6809 | D:7      | Reached skill level 10 in Air Magic
  6910 | D:7      | Identified the +1 quarterstaff of Quohit {elec, Str+5 Int-4
                  | Dex+5}
  7013 | D:7      | Noticed Joseph
  7016 | D:7      | HP: 14/46 [Joseph/sling bullet (20)]
  7018 | D:7      | Killed Joseph
  7019 | D:7      | Reached skill level 11 in Air Magic
  7197 | D:7      | Reached XP level 9. HP: 37/51 MP: 12/12
  7659 | D:7      | Reached skill level 12 in Air Magic
  8208 | D:8      | Found the +5 robe of Misfortune {Harm *Corrode *Slow EV+5}
  8227 | D:8      | Noticed Psyche
  8572 | D:8      | Reached skill level 13 in Air Magic
  8659 | D:8      | Found a stormy altar of Qazlal.
  8719 | D:8      | Killed Psyche
  9260 | D:9      | Reached XP level 10. HP: 52/56 MP: 9/13
  9473 | D:9      | Noticed Maggie
  9521 | D:9      | Found a flagged portal.
  9527 | Bailey   | Entered a bailey
  9560 | Bailey   | Reached skill level 14 in Air Magic
  9743 | Bailey   | Noticed a kobold demonologist
  9816 | Bailey   | Killed a kobold demonologist
 10243 | Bailey   | Noticed an orc knight
 10360 | Bailey   | Killed an orc knight
 10460 | Bailey   | Reached skill level 15 in Air Magic
 10571 | Bailey   | Reached skill level 1 in Fighting
 10571 | Bailey   | Reached skill level 1 in Unarmed Combat
 10581 | Bailey   | Noticed a kobold demonologist
 10585 | Bailey   | Killed a kobold demonologist
 10586 | Bailey   | Reached skill level 2 in Fighting
 10586 | Bailey   | Reached skill level 2 in Unarmed Combat
 10731 | Bailey   | Identified the +7 dagger "Quochearr" {antimagic, rElec rN+}
 10736 | Bailey   | Identified the +3 battleaxe "Jausteda" {drain, rN+ Str+3}
 11278 | Bailey   | Found an iron altar of Okawaru.
 11303 | Bailey   | Reached skill level 3 in Fighting
 11303 | Bailey   | Reached skill level 3 in Unarmed Combat
 11434 | Bailey   | Identified the +1 scale mail "Xerhisod" {rElec MP+9}
 11510 | Bailey   | Acquired the +3 Elemental Staff {rElec rF++ rC++ AC+5}
 11510 | Bailey   | Found the +3 Elemental Staff {rElec rF++ rC++ AC+5}
 11520 | Bailey   | Learned a level 2 spell: Blink
 11571 | D:9      | Noticed a two-headed ogre
 11612 | D:9      | Killed a two-headed ogre
 11613 | D:9      | Reached skill level 1 in Translocations
 12044 | D:9      | Reached skill level 2 in Translocations
 12044 | D:9      | Reached XP level 11. HP: 59/68 MP: 13/15
 12104 | D:9      | Noticed Gastronok
 12116 | D:9      | Killed Gastronok
 12117 | D:9      | Reached skill level 4 in Fighting
 12117 | D:9      | Reached skill level 4 in Unarmed Combat
 12117 | D:9      | Reached skill level 3 in Spellcasting
 12285 | D:9      | Reached skill level 3 in Translocations
 12576 | D:9      | Noticed Pikel
 12578 | D:9      | Killed Pikel
 12869 | D:9      | Reached skill level 4 in Spellcasting
 13250 | D:9      | Reached skill level 5 in Fighting
 13324 | D:9      | Reached skill level 5 in Unarmed Combat
 13362 | D:9      | Killed Maggie
 13645 | D:10     | Entered Level 10 of the Dungeon
 13876 | D:10     | Reached skill level 4 in Translocations
 13927 | D:10     | Found a staircase to the Orcish Mines.
 14478 | D:10     | Noticed a two-headed ogre
 14482 | D:10     | Killed a two-headed ogre
 14809 | D:10     | Learned a level 5 spell: Lightning Bolt
 15322 | D:10     | Found a basalt altar of Yredelemnul.
 15394 | D:10     | Reached skill level 5 in Spellcasting
 15399 | D:10     | Reached skill level 6 in Fighting
 15702 | D:11     | Found a staircase to the Lair.
 15710 | D:11     | Reached skill level 6 in Unarmed Combat
 15715 | D:11     | Reached skill level 5 in Translocations
 16166 | D:11     | Reached XP level 12. HP: 79/79 MP: 15/19
 16652 | D:11     | Learned a level 5 spell: Freezing Cloud
 16691 | D:11     | Found a transporter.
 16693 | D:11     | Noticed a deep troll earth mage
 16693 | D:11     | Noticed an ice dragon
 16711 | D:11     | Noticed a rakshasa
 16898 | D:11     | Noticed a two-headed ogre
 16902 | D:11     | Killed a two-headed ogre
 17019 | D:11     | Noticed a centaur warrior
 17022 | D:11     | Killed a centaur warrior
 17163 | D:11     | Noticed a two-headed ogre
 17220 | D:11     | Noticed an ogre mage
 17221 | D:11     | Found a transporter.
 17571 | D:12     | Noticed a two-headed ogre
 17576 | D:12     | Killed a two-headed ogre
 17577 | D:12     | Reached skill level 6 in Translocations
 17583 | D:12     | Reached skill level 7 in Fighting
 17583 | D:12     | Reached skill level 6 in Spellcasting
 17745 | D:12     | Killed a two-headed ogre
 17746 | D:12     | Reached skill level 7 in Unarmed Combat
 18088 | D:12     | Found a runed translucent gate.
 18088 | D:12     | Found a runed translucent gate.
 18088 | D:12     | Found a runed translucent gate.
 18343 | D:12     | Noticed Maurice
 18345 | D:12     | Killed Maurice
 18888 | D:12     | Noticed MakMorn's ghost (novice AtAE)
 19063 | D:13     | Noticed a centaur warrior
 19066 | D:13     | Killed a centaur warrior
 19236 | D:13     | Noticed a centaur warrior
 19240 | D:13     | Killed a centaur warrior
 19241 | D:13     | Reached skill level 8 in Fighting
 19241 | D:13     | Reached skill level 8 in Unarmed Combat
 19241 | D:13     | Reached skill level 7 in Spellcasting
 19241 | D:13     | Reached XP level 13. HP: 71/88 MP: 16/23
 19349 | D:13     | HP: 43/88 [centaur warrior/arrow (8)]
 19355 | D:13     | HP: 41/88 [centaur warrior (7)]
 19827 | D:13     | HP: 43/88 [meliai/+0 hand axe (6)]
 19830 | D:13     | HP: 20/88 [meliai/+0 hand axe (8)]
 19830 | D:13     | HP: 6/88 [meliai/+0 hand axe (14)]
 19830 | D:13     | HP: 2/88 [meliai/+0 hand axe (4)]
 20151 | Orc:1    | Entered Level 1 of the Orcish Mines
 20167 | Orc:1    | HP: 41/89 [troll (13)]
 20473 | Orc:2    | Entered Level 2 of the Orcish Mines
 21906 | Orc:2    | Noticed an ettin
 21910 | Orc:2    | Killed an ettin
 22063 | Orc:2    | Noticed Azrael
 22066 | Orc:2    | Reached skill level 16 in Air Magic
 22201 | Orc:2    | Killed Azrael
 22700 | Orc:2    | Reached skill level 9 in Fighting
 22710 | Orc:2    | Reached skill level 9 in Unarmed Combat
 22979 | Orc:2    | Found Symemi's Magic Scroll Shop.
 22983 | Orc:2    | Found Anku Ryann's Distillery.
 22988 | Orc:2    | Reached skill level 8 in Spellcasting
 23106 | Orc:2    | Noticed Rupert
 23113 | Orc:2    | Killed Rupert
 23252 | Orc:2    | Bought a potion of heal wounds for 70 gold pieces
 23252 | Orc:2    | Bought a potion of haste for 140 gold pieces
 23252 | Orc:2    | Bought a potion of magic for 112 gold pieces
 23254 | Orc:2    | Bought a scroll of amnesia for 60 gold pieces
 23254 | Orc:2    | Bought a scroll of summoning for 142 gold pieces
 23256 | Orc:2    | Bought a potion of invisibility for 112 gold pieces
 23347 | Orc:2    | Learned a level 4 spell: Passage of Golubria
 23694 | Orc:2    | Reached skill level 1 in Transmutations
 24184 | Orc:2    | Found a staircase to the Elven Halls.
 24377 | Orc:2    | Reached skill level 2 in Transmutations
 24480 | Orc:2    | Paralysed by an orc sorcerer for 5 turns
 24483 | Orc:2    | HP: 39/85 [orc high priest/divine providence (8)]
 24923 | Orc:2    | Reached XP level 14. HP: 97/97 MP: 20/26
 25461 | Orc:2    | Reached skill level 3 in Transmutations
 25845 | Orc:2    | Found Jacurgh's Book Shoppe.
 25845 | Orc:2    | Found Ucsawn's Antique Weapon Emporium.
 25846 | Orc:2    | Found a one-way gate leading to the halls of Pandemonium.
 25939 | Lair:1   | Entered Level 1 of the Lair of Beasts
 25987 | Lair:1   | Noticed Erica
 26142 | Lair:1   | Reached skill level 10 in Fighting
 26142 | Lair:1   | Reached skill level 10 in Unarmed Combat
 26260 | Lair:1   | Found a dark tunnel.
 26265 | Volcano  | Entered a volcano
 26444 | Volcano  | Reached skill level 9 in Spellcasting
 26766 | Volcano  | Reached skill level 4 in Transmutations
 27281 | Volcano  | Found a radiant altar of Vehumet.
 27299 | Volcano  | Found a burning altar of Makhleb.
 27400 | Lair:1   | Killed Erica
 27632 | Lair:1   | Noticed Harold
 27639 | Lair:1   | Killed Harold
 27640 | Lair:1   | Reached skill level 5 in Transmutations
 27786 | Lair:1   | Noticed Fannar
 27793 | Lair:1   | Killed Fannar
 28006 | Lair:1   | Reached skill level 17 in Air Magic
 28582 | Lair:2   | Learned a level 7 spell: Storm Form
 29371 | Lair:2   | Found a staircase to the Shoals.
 29612 | Lair:2   | Acquired the ring "Earthly Heaven" {Fly rPois Dex+6 SInv}
 29737 | Lair:3   | You are sucked into a shaft and drop 2 floors!
 29737 | Lair:5   | Entered Level 5 of the Lair of Beasts
 29737 | Lair:5   | Noticed Snorg
 30080 | Lair:4   | Reached skill level 6 in Transmutations
 30087 | Lair:4   | Reached skill level 10 in Spellcasting
 30950 | Lair:3   | Reached XP level 15. HP: 103/103 MP: 22/29
 31005 | Lair:3   | Reached skill level 7 in Transmutations
 31477 | Lair:3   | Found a staircase to the Snake Pit.
 33161 | Lair:5   | Reached skill level 8 in Transmutations
 33209 | Lair:5   | Found a staircase to the Slime Pits.
 33212 | Lair:5   | Reached skill level 18 in Air Magic
 33588 | Lair:5   | Killed Snorg
 33949 | Lair:5   | Reached skill level 11 in Unarmed Combat
 34190 | Lair:5   | Identified the +0 pair of boots of Greed {rN+ Will+ rCorr
                  | Str-5}
 34390 | Lair:5   | Found a runed translucent door.
 34798 | Lair:5   | Reached skill level 12 in Unarmed Combat
 35132 | Snake:1  | Entered Level 1 of the Snake Pit
 35134 | Snake:1  | Noticed Frances
 35145 | Snake:1  | Killed Frances
 35220 | Snake:1  | Reached XP level 16. HP: 75/109 MP: 10/30
 35392 | Snake:1  | Reached skill level 13 in Unarmed Combat
 36030 | Snake:1  | Found Vafur's Assorted Antiques.
 36234 | Snake:1  | Found Jeschup's Book Shop.
 36234 | Snake:1  | Found Helynno's Jewellery Shoppe.
 36235 | Snake:1  | Found Yzolir Amuu's Jewellery Shoppe.
 36243 | Snake:1  | Bought a manual of Stealth for 1280 gold pieces
 36245 | Snake:1  | Bought the ring "Siazxuogg" {rC+ Dex+6 Slay+2} for 700 gold
                  | pieces
 36341 | Snake:2  | Reached skill level 14 in Unarmed Combat
 36371 | Snake:2  | Got Sif Muna's Anthology of the Snowflakes
 36415 | Snake:2  | Reached skill level 3 in Stealth
 36688 | Snake:2  | Reached skill level 4 in Stealth
 36707 | Snake:2  | HP: 46/109 [naga sharpshooter/arrow (22)]
 36709 | Snake:2  | Reached skill level 5 in Stealth
 36987 | Snake:2  | Reached skill level 3 in Dodging
 37060 | Snake:2  | Identified the +0 shortbow "Lilanuf" {drain, Fly rF- Will+
                  | Dex+6}
 37234 | Snake:2  | Reached skill level 6 in Stealth
 37300 | Snake:2  | Reached skill level 7 in Stealth
 37465 | Snake:2  | Reached skill level 4 in Dodging
 37824 | Snake:3  | Reached skill level 8 in Stealth
 37956 | Snake:3  | Reached skill level 9 in Stealth
 38132 | Snake:3  | Found Hemmaotu's Assorted Antiques.
 38166 | Snake:3  | Reached skill level 5 in Dodging
 38189 | Snake:3  | Found Athreomu's Book Shoppe.
 38223 | Snake:3  | Reached skill level 10 in Stealth
 38260 | Snake:3  | Found Guimp's Armour Emporium.
 38704 | Snake:3  | HP: 44/109 [naga warrior/+0 battleaxe (17)]
 39042 | Snake:3  | Reached skill level 11 in Stealth
 39050 | Snake:3  | Reached skill level 15 in Unarmed Combat
 39248 | Snake:4  | Entered Level 4 of the Snake Pit
 39294 | Snake:4  | Reached skill level 6 in Dodging
 39294 | Snake:4  | Reached XP level 17. HP: 115/115 MP: 31/31
 39431 | Snake:4  | Reached skill level 12 in Stealth
 39640 | Snake:4  | Noticed a quicksilver dragon
 39655 | Snake:4  | Reached skill level 13 in Stealth
 39659 | Snake:4  | Killed a quicksilver dragon
 39736 | Snake:4  | Reached skill level 7 in Dodging
 39921 | Snake:4  | Reached skill level 14 in Stealth
 39925 | Snake:4  | Noticed a quicksilver dragon
 39931 | Snake:4  | Killed a quicksilver dragon
 40023 | Snake:4  | Got a serpentine rune of Zot
 40326 | Snake:4  | Found a runed translucent door.
 40327 | Snake:4  | Found a shimmering altar of Xom.
 40327 | Snake:4  | Noticed Ocirch's ghost (adept DsGl)
 40849 | Shoals:1 | Entered Level 1 of the Shoals
 40972 | Shoals:1 | Found Wuimpaigg's CLEARANCE SALE!.
 41059 | Shoals:1 | Reached skill level 15 in Stealth
 41315 | Shoals:1 | Reached skill level 8 in Dodging
 41477 | Shoals:1 | Noticed Roxanne
 41517 | Shoals:1 | Reached skill level 16 in Unarmed Combat
 41710 | Shoals:2 | Found Fics's Jewellery Boutique.
 41733 | Shoals:2 | Noticed Ilsuiw
 41754 | Shoals:2 | Killed Ilsuiw
 41755 | Shoals:2 | Reached skill level 16 in Stealth
 42061 | Shoals:2 | Noticed a kraken
 42070 | Shoals:2 | Killed a kraken
 42660 | Shoals:3 | Reached skill level 9 in Dodging
 42687 | Shoals:3 | Reached skill level 17 in Stealth
 42696 | Shoals:3 | HP: 51/115 [faun/sling bullet[a satyr] (17)]
 42911 | Shoals:3 | Reached XP level 18. HP: 120/120 MP: 32/32
 43035 | Shoals:3 | Noticed Nikola
 43049 | Shoals:3 | Killed Nikola
 43797 | Shoals:4 | Entered Level 4 of the Shoals
 43797 | Shoals:4 | Found a gateway to a bazaar.
 43822 | Bazaar   | Entered a bazaar
 43822 | Bazaar   | Found Betiog's Magic Scroll Shop.
 43853 | Bazaar   | Bought a scroll of blinking for 90 gold pieces
 43853 | Bazaar   | Bought a scroll of blinking for 90 gold pieces
 43853 | Bazaar   | Bought a scroll of teleportation for 36 gold pieces
 43853 | Bazaar   | Bought a scroll of teleportation for 36 gold pieces
 43853 | Bazaar   | Bought a scroll of teleportation for 36 gold pieces
 43853 | Bazaar   | Bought a scroll of magic mapping for 90 gold pieces
 43853 | Bazaar   | Bought a scroll of amnesia for 48 gold pieces
 43879 | Bazaar   | Found Olemnuhi's Armour Boutique.
 43883 | Bazaar   | Bought a +0 kite shield of cold resistance for 126 gold
                  | pieces
 43886 | Bazaar   | Found Podesior's Armour Shop.
 43890 | Bazaar   | Found Xozxev's Antique Weapon Shop.
 43895 | Bazaar   | Found Cotyatt's Assorted Antiques.
 43899 | Bazaar   | Bought a pitted flail for 161 gold pieces
 43899 | Bazaar   | Identified the +2 flail of the New World {flame, rC+} (You
                  | bought it in a shop in a bazaar)
 43904 | Bazaar   | Bought 2 potions of mutation for 272 gold pieces
 43904 | Bazaar   | Bought a potion of heal wounds for 85 gold pieces
 43904 | Bazaar   | Bought 3 scrolls of teleportation for 153 gold pieces
 43904 | Bazaar   | Bought a scroll of amnesia for 68 gold pieces
 44063 | Shoals:4 | Reached skill level 18 in Stealth
 44065 | Shoals:4 | HP: 53/120 [wind drake/the air (10)]
 44067 | Shoals:4 | HP: 18/120 [merfolk javelineer/javelin (15)]
 44503 | Shoals:4 | Reached skill level 10 in Dodging
 44663 | Shoals:4 | Got the Verses on Summoned Ozone
 44713 | Shoals:4 | Noticed Polyphemus
 44721 | Shoals:4 | Killed Polyphemus
 44722 | Shoals:4 | Reached skill level 19 in Stealth
 44864 | Shoals:4 | Got the Anthology of Transposition and the Ground
 44880 | Shoals:4 | Reached skill level 17 in Unarmed Combat
 45284 | Shoals:4 | Got a barnacled rune of Zot
 46533 | D:14     | Found a gate to the Vaults.
 47056 | D:14     | Reached skill level 11 in Dodging
 47238 | D:14     | Found a glowing silver altar of Zin.
 47463 | D:15     | Entered Level 15 of the Dungeon
 47481 | D:15     | Reached skill level 20 in Stealth
 47602 | D:15     | Acquired 459 gold pieces
 47730 | D:15     | Found a staircase to the Depths.
 47952 | D:15     | Found a hide-covered altar of Uskayaw.
 48798 | Snake:1  | Bought a ring of willpower for 300 gold pieces
 49002 | Vaults:1 | Entered Level 1 of the Vaults
 49017 | Vaults:1 | Reached XP level 19. HP: 73/126 MP: 22/33
 49021 | Vaults:1 | HP: 57/126 [yaktaur/bolt[a yaktaur captain] (18)]
 49026 | Vaults:1 | HP: 41/126 [centaur warrior/arrow (18)]
 49335 | Vaults:1 | Reached skill level 12 in Dodging
 49363 | Vaults:1 | Identified the +2 great mace "Noguda" {venom, *Noise Fly
                  | Dex+3}
 49371 | Vaults:1 | Reached skill level 18 in Unarmed Combat
 50022 | Vaults:1 | Found Fiaggewk's General Store.
 50408 | Vaults:1 | Found a transporter.
 50426 | Vaults:1 | Found a transporter.
 50798 | Vaults:2 | HP: 53/126 [orc warlord/+2 bardiche (22)]
 51161 | Vaults:2 | Reached skill level 13 in Dodging
 51251 | Vaults:2 | Identified the +5 ring mail of Lionusocre {+Blink rF+
                  | Will-}
 51280 | Vaults:2 | Noticed Mennas
 51311 | Vaults:2 | Killed Mennas
 51332 | Vaults:2 | HP: 53/126 [vault warden/+2 war axe of freezing (17)]
 51344 | Vaults:2 | HP: 43/126 [sphinx (9)]
 51348 | Vaults:2 | Reached skill level 19 in Unarmed Combat
 51950 | Vaults:2 | Reached skill level 14 in Dodging
 51962 | Vaults:2 | Noticed Bai Suzhen
 51974 | Vaults:2 | Killed Bai Suzhen
 52302 | Vaults:3 | Reached XP level 20. HP: 124/132 MP: 26/34
 52306 | Vaults:3 | HP: 53/132 [vault warden/+0 dire flail of protection (31)]
 52320 | Vaults:3 | HP: 49/132 [yaktaur/bolt[a vault warden] (8)]
 53286 | Vaults:3 | Found a staircase to the Crypt.
 53286 | Vaults:3 | Found a basalt altar of Yredelemnul.
 53287 | Vaults:3 | Found an ancient bone altar of Kikubaaqudgha.
 53345 | Vaults:3 | Found Xogo's Assorted Antiques.
 53782 | Vaults:4 | Reached skill level 15 in Dodging
 53790 | Vaults:4 | Reached skill level 20 in Unarmed Combat
 53795 | Vaults:4 | Learned a level 4 spell: Manifold Assault
 53842 | Vaults:4 | Found a transporter.
 53845 | Vaults:4 | Noticed Marixus's ghost (adept HOFi)
 53869 | Vaults:4 | Found a transporter.
 53988 | Vaults:4 | Upgraded the game from 0.30-a0-439-g9e77e4d916 to
                  | 0.30-a0-451-ge042605de7
 54141 | Vaults:4 | Reached skill level 11 in Fighting
 54272 | Vaults:4 | Reached skill level 19 in Air Magic
 54678 | Vaults:4 | Noticed Xtahua
 55467 | Vaults:4 | Killed Xtahua
 55468 | Vaults:4 | Reached skill level 12 in Fighting
 55536 | Vaults:4 | Reached XP level 21. HP: 115/143 MP: 35/35
 56014 | Elf:1    | Entered Level 1 of the Elven Halls
 56904 | Elf:1    | Identified the ring of Pujul {Fly rC+ SInv}
 57289 | Elf:2    | Reached skill level 13 in Fighting
 57289 | Elf:2    | Reached skill level 20 in Air Magic
 57489 | Elf:2    | Found a runed translucent gate.
 57489 | Elf:2    | Found a runed translucent gate.
 57524 | Elf:2    | Found a runed translucent gate.
 57753 | Elf:2    | Reached skill level 14 in Fighting
 58687 | Elf:3    | Entered Level 3 of the Elven Halls
 59029 | Elf:3    | Found the amulet of the Four Winds {rN+ Will+++ Clar}
 59203 | Elf:3    | Found a runed translucent door.
 59234 | Elf:3    | Noticed Shayle's ghost (adept DsRe)
 59672 | Elf:3    | Reached skill level 15 in Fighting
 59896 | Elf:3    | Identified the +5 shadow dragon scales "Cuim" {+Blink rF-
                  | Will++ Int+2 Stlth++++}
 60195 | Elf:3    | Identified the ring "Seteug" {Fly rElec rF+ rN+}
 60213 | Elf:3    | Identified the ring of Josius {AC+4 Slay+3}
 60214 | Elf:3    | HP: 75/153 [deep elf annihilator/crystal spear (30)]
 60217 | Elf:3    | Reached skill level 16 in Fighting
 60431 | Elf:3    | Got Sif Muna's Secrets of the Sweltering Entourage
 60522 | Elf:3    | Identified the +5 plate armour of Death's Door {Str+4}
 60524 | Elf:3    | Got Sif Muna's Quarto of Congelation and Variation
 60540 | Elf:3    | Identified the +1 leather armour of Immorality {SInv
                  | Stlth+}
 60548 | Elf:3    | Identified the +6 plate armour "Kuosm" {+Blink Fly rN+
                  | Int+4}
 60768 | Elf:3    | Killed Shayle's ghost
 60821 | Elf:3    | Reached XP level 22. HP: 160/160 MP: 36/36
 61143 | D:11     | Identified the +1 robe of Autumn {Stlth+}
 61243 | D:12     | Killed MakMorn's ghost
 61573 | Snake:4  | Killed Ocirch's ghost
 62443 | Depths:1 | Entered Level 1 of the Depths
 62443 | Depths:1 | Noticed the Enchantress
 62616 | D:15     | Killed the Enchantress
 62699 | Depths:1 | Reached skill level 11 in Spellcasting
 62759 | Depths:1 | Found a one-way gate to the infinite horrors of the Abyss.
 62761 | Depths:1 | Noticed Louise
 62777 | Depths:1 | Killed Louise
 63186 | Depths:1 | Found a one-way gateway to a ziggurat.
 63221 | Depths:1 | Reached skill level 17 in Fighting
 63585 | Depths:1 | Found a gateway to Hell.
 63749 | Depths:1 | Found a runed translucent door.
 64309 | Depths:1 | Identified the +0 scale mail of Leaves {Slay+6}
 64387 | Depths:1 | Noticed Tuashofa's ghost (adept FeVM)
 64396 | Depths:1 | Killed Tuashofa's ghost
 64404 | Depths:1 | Found a runed translucent door.
 64406 | Depths:1 | Reached skill level 12 in Spellcasting
 64440 | Depths:1 | Noticed Zatt's ghost (adept SpAK)
 64443 | Depths:1 | Identified the ring of Tuvumoh {rF+ Str+4 Stlth+}
 64475 | Depths:1 | Found a runed translucent door.
 64478 | Depths:1 | Killed Zatt's ghost
 64505 | Depths:1 | Noticed Haregg's ghost (adept DsBe)
 64519 | Depths:1 | Killed Haregg's ghost
 64938 | Depths:2 | Reached skill level 18 in Fighting
 65086 | Depths:2 | Noticed a caustic shrike
 65091 | Depths:2 | Killed a caustic shrike
 65133 | Depths:2 | Identified the +7 dagger of Infinity {drain, rC+ Will++
                  | Int+8 Dex-4}
 65335 | Depths:2 | Reached XP level 23. HP: 147/171 MP: 33/39
 65348 | Depths:2 | Reached skill level 13 in Spellcasting
 66385 | Depths:2 | Reached skill level 19 in Fighting
 66581 | Depths:2 | Found the +3 salamander hide armour {Flames rF++ rC--}
 66648 | Depths:2 | Found Luxtisor's General Store.
 66657 | Depths:2 | Bought a potion of magic for 104 gold pieces
 66657 | Depths:2 | Bought a potion of magic for 104 gold pieces
 66657 | Depths:2 | Bought a potion of heal wounds for 65 gold pieces
 66856 | Depths:3 | Reached skill level 14 in Spellcasting
 67257 | Depths:3 | Found a transporter.
 67261 | Depths:3 | Found a shimmering blue altar of Sif Muna.
 67264 | Depths:3 | Noticed an ancient lich
 67900 | Depths:4 | Entered Level 4 of the Depths
 67953 | Depths:4 | Noticed a caustic shrike
 67956 | Depths:4 | Killed a caustic shrike
 67956 | Depths:4 | Noticed a caustic shrike
 67956 | Depths:4 | Noticed a caustic shrike
 67957 | Depths:4 | Noticed a caustic shrike
 67957 | Depths:4 | Noticed a caustic shrike
 67961 | Depths:4 | Killed a caustic shrike
 67963 | Depths:4 | Killed a caustic shrike
 67964 | Depths:4 | Killed a caustic shrike
 67965 | Depths:4 | Killed a caustic shrike
 68289 | Depths:4 | Found a bloodstained altar of Trog.
 68289 | Depths:4 | Found a shimmering blue altar of Sif Muna.
 68290 | Depths:4 | Found a shimmering blue altar of Sif Muna.
 68472 | Depths:4 | Noticed a caustic shrike
 68565 | Depths:4 | Noticed a golden dragon
 68566 | Depths:4 | Killed a caustic shrike
 68570 | Depths:4 | Killed a golden dragon
 68684 | Depths:4 | Noticed a juggernaut
 68693 | Depths:4 | Killed a juggernaut
 68720 | Depths:4 | Got the Compilation of Exhumation and Transformation
 68742 | Depths:4 | Noticed a golden dragon
 68744 | Depths:4 | Noticed a caustic shrike
 68747 | Depths:4 | Killed a golden dragon
 68749 | Depths:4 | Killed a caustic shrike
 68750 | Depths:4 | Reached skill level 20 in Fighting
 68750 | Depths:4 | Reached skill level 15 in Spellcasting
 68761 | Depths:4 | Noticed a golden dragon
 68772 | Depths:4 | Noticed a caustic shrike
 68776 | Depths:4 | Killed a golden dragon
 68782 | Depths:4 | Reached XP level 24. HP: 156/183 MP: 42/42
 68787 | Depths:4 | Noticed a caustic shrike
 68791 | Depths:4 | Reached skill level 7 in Translocations
 68803 | Depths:4 | Killed a caustic shrike
 68804 | Depths:4 | Reached skill level 9 in Transmutations
 68806 | Depths:4 | Killed a caustic shrike
 69121 | Depths:4 | Reached skill level 8 in Translocations
 69256 | Depths:4 | Found a gate to the Realm of Zot.
 69416 | Depths:4 | Noticed a caustic shrike
 69423 | Depths:4 | Killed a caustic shrike
 69424 | Depths:4 | Reached skill level 10 in Transmutations
 69534 | Depths:4 | Reached skill level 9 in Translocations
 69607 | Depths:4 | Found the +5 scythe "Finisher" {speed, eviscerate}
 69672 | Depths:4 | Identified the +0 chain mail "Wuirheum" {rElec rF+ Str+6}
 69674 | Depths:4 | Identified the +4 plate armour "Ceuh" {rPois}
 70037 | Crypt:1  | Entered Level 1 of the Crypt
 70158 | Crypt:1  | Reached skill level 11 in Transmutations
 70995 | Crypt:2  | Reached skill level 10 in Translocations
 71000 | Crypt:2  | Noticed Donald
 71010 | Crypt:2  | Killed Donald
 71171 | Crypt:2  | Noticed Frederick
 71188 | Crypt:2  | Killed Frederick
 71189 | Crypt:2  | Reached skill level 12 in Transmutations
 71342 | Crypt:2  | Identified the ring of Xeonwur {Ice Str+6 Stlth+}
 71342 | Crypt:2  | Noticed Josephina
 71347 | Crypt:2  | Killed Josephina
 71956 | Crypt:2  | Noticed Jory
 71979 | Crypt:2  | Killed Jory
 72158 | Crypt:3  | Entered Level 3 of the Crypt
 72171 | Crypt:3  | Reached skill level 13 in Transmutations
 72656 | Crypt:3  | Found a staircase to the Tomb.
 72778 | Crypt:3  | Noticed Boris
 72785 | Crypt:3  | Killed Boris
 72792 | Crypt:3  | Reached skill level 14 in Transmutations
 72792 | Crypt:3  | Reached XP level 25. HP: 96/189 MP: 37/42
 72793 | Crypt:3  | HP: 89/189 [skeletal warrior/+0 glaive (8)]
 73235 | Crypt:3  | Found a basalt altar of Yredelemnul.
 73272 | Crypt:3  | Noticed an ancient lich
 73277 | Crypt:3  | Reached skill level 15 in Transmutations
 73286 | Crypt:3  | Killed an ancient lich
 73855 | Crypt:3  | Identified the +5 flail of Disharmony {protect, rF- MP+9
                  | Dex+6}
 74246 | Vaults:5 | Entered Level 5 of the Vaults
 74253 | Vaults:5 | Reached skill level 21 in Unarmed Combat
 74449 | Vaults:5 | Noticed an ancient lich
 74554 | Vaults:5 | Identified the +9 scimitar of Pioxoel {speed, rN+ Str+2}
 74560 | Vaults:5 | Identified the +6 short sword "X" {freeze, Str+5}
 74584 | Vaults:5 | Identified the +7 mace of Kas Huj {freeze, rPois rF+}
 74664 | Vaults:5 | Reached skill level 22 in Unarmed Combat
 74709 | Vaults:5 | Identified the +1 plate armour of Guav {rElec rCorr}
 74740 | Vaults:5 | Noticed Boris
 74751 | Vaults:5 | Killed Boris
 75060 | Vaults:5 | Reached XP level 26. HP: 180/196 MP: 42/42
 75065 | Vaults:5 | Reached skill level 23 in Unarmed Combat
 75124 | Vaults:5 | Identified the ring "Fyisud" {Will+ Dex+5}
 75290 | Vaults:5 | Killed an ancient lich
 75492 | Vaults:5 | Identified the +8 whip of the Imperium {antimagic, rElec
                  | rF+}
 75932 | Vaults:5 | Identified the +3 leather armour of Thoughtfulness
                  | {*Corrode rF++ Int+4 Stlth+}
 76160 | Vaults:5 | Found the +3 pair of seven-league boots {Rampage+∞}
 76166 | Vaults:5 | Identified the +2 pair of boots of the Trilobite {Int+2}
 76456 | Vaults:5 | Got a silver rune of Zot
 77030 | Depths:1 | Bought a scroll of teleportation for 45 gold pieces
 77030 | Depths:1 | Bought a scroll of magic mapping for 112 gold pieces
 77278 | Slime:1  | Entered Level 1 of the Pits of Slime
 77398 | Slime:1  | Reached skill level 24 in Unarmed Combat
 78021 | Slime:5  | Entered Level 5 of the Pits of Slime
 78504 | Slime:5  | Found a viscous altar of Jiyva.
 78509 | Slime:5  | Noticed the Royal Jelly
 78526 | Slime:5  | Found the +6 Majin-Bo {vamp, MP+6 Int+6}
 78537 | Slime:5  | Killed the Royal Jelly
 78598 | Slime:5  | Got Velism's Lost Handbook of Boris
 78610 | Slime:5  | Got the Octavo of the Voyage and Impurities
 78612 | Slime:5  | Got the Exposition on Illusion and Wicked Rites
 78636 | Slime:5  | Got the Book of Floating Fascination
 78645 | Slime:5  | Got a slimy rune of Zot
 78679 | Slime:5  | Identified the +11 great sword of Ysul {vorpal, rPois Str+4
                  | Int-2 Dex+8}
 78684 | Slime:5  | Identified the +7 hand axe of the Inquisitive Seas
                  | {antimagic, rElec rF+ rC+++ Will-}
 79090 | Depths:1 | Voluntarily entered the Abyss.
 79552 | Abyss:2  | Reached skill level 25 in Unarmed Combat
 80061 | Abyss:3  | Reached skill level 26 in Unarmed Combat
 80070 | Abyss:3  | Gained mutation: You are frail. (-10% HP) [a neqoxec]
 80108 | Abyss:3  | Reached XP level 27. HP: 119/180 MP: 42/42
 80637 | Abyss:3  | Reached skill level 27 in Unarmed Combat
 80920 | Abyss:3  | Reached skill level 21 in Fighting
 81048 | Abyss:3  | Reached skill level 22 in Fighting
 81173 | Abyss:4  | Reached skill level 23 in Fighting
 81204 | Abyss:4  | Found a corrupted altar of Lugonu.
 81204 | Abyss:4  | Found a corrupted altar of Lugonu.
 81205 | Abyss:4  | Paralysed by accursed screaming for 2 turns
 81206 | Abyss:4  | HP: 80/189 [starcursed mass/accursed screaming (15)]
 81213 | Abyss:4  | HP: 93/189 [starflower (3)]
 81218 | Abyss:4  | Got an abyssal rune of Zot
 81218 | Abyss:4  | HP: 71/189 [starflower (4)]
 81223 | Abyss:4  | HP: 69/189 [starcursed mass/accursed screaming (4)]
 81224 | Depths:1 | Escaped the Abyss
 81476 | Depths:1 | Learned a level 1 spell: Apportation
 81639 | Zot:1    | Entered Level 1 of the Realm of Zot
 82163 | Zot:1    | Reached skill level 24 in Fighting
 83237 | Zot:2    | Reached skill level 25 in Fighting
 84606 | Zot:2    | Identified the amulet of Vehumet's Outrage {*Slow rElec
                  | rN++ Regen+ Stlth+}
 84804 | Zot:2    | Reached skill level 26 in Fighting
 84885 | Zot:2    | Learned a level 6 spell: Statue Form
 85614 | Zot:3    | Reached skill level 27 in Fighting
 85678 | Zot:3    | Noticed an orb of fire
 85688 | Zot:3    | HP: 128/261 [Killer Klown/+9 vampiric club (15)]
 85694 | Zot:3    | Killed an orb of fire
 85717 | Zot:3    | Reached skill level 16 in Dodging
 85730 | Zot:3    | HP: 97/201 [white draconian/blast of cold[a white draconian
                  | stormcaller] (7)]
 86227 | Zot:3    | Reached skill level 17 in Dodging
 87467 | Zot:3    | Noticed an orb of fire
 87476 | Zot:3    | Killed an orb of fire
 87577 | Zot:4    | HP: 91/201 [white draconian stormcaller/divine providence
                  | (15)]
 87584 | Zot:4    | Reached skill level 18 in Dodging
 87824 | Zot:4    | Identified the +3 pair of gloves of the Camelopard {Will+}
 88025 | Zot:4    | Noticed an orb of fire
 88027 | Zot:4    | Gained mutation: You do not regenerate when monsters are
                  | visible. [an orb of fire]
 88032 | Zot:4    | Killed an orb of fire
 89043 | Zot:5    | Entered Level 5 of the Realm of Zot
 89092 | Zot:5    | Reached skill level 19 in Dodging
 89163 | Zot:5    | Noticed an orb of fire
 89164 | Zot:5    | Noticed an orb of fire
 89171 | Zot:5    | Killed an orb of fire
 89175 | Zot:5    | Killed an orb of fire
 89176 | Zot:5    | Noticed an orb of fire
 89182 | Zot:5    | Killed an orb of fire
 89183 | Zot:5    | Reached skill level 20 in Dodging
 89185 | Zot:5    | Noticed an orb of fire
 89197 | Zot:5    | Killed an orb of fire
 89644 | Zot:5    | Noticed an orb of fire
 89652 | Zot:5    | Gained mutation: You are very frail. (-20% HP) [an orb of
                  | fire]
 89653 | Zot:5    | Killed an orb of fire
 89654 | Zot:5    | Noticed a dread lich
 89661 | Zot:5    | Noticed an ancient lich
 89666 | Zot:5    | Killed a dread lich
 89667 | Zot:5    | Reached skill level 21 in Dodging
 89667 | Zot:5    | Noticed a dread lich
 89676 | Zot:5    | Killed a dread lich
 89684 | Zot:5    | Killed an ancient lich
 89793 | Zot:5    | Noticed an ancient lich
 89801 | Zot:5    | Killed an ancient lich
 89848 | Zot:5    | HP: 84/179 [black draconian/bolt of lightning[a black
                  | draconian knight] (13)]
 90081 | Zot:5    | Reached skill level 22 in Dodging
 90383 | Zot:5    | Upgraded the game from 0.30-a0-451-ge042605de7 to
                  | 0.30-a0-457-g4b7bca3bfa
 90402 | Zot:5    | Bought the ring of Sineaz {Drain rPois rF+ rCorr Int+2} for
                  | 736 gold pieces
 90407 | Zot:5    | Got the Orb of Zot
 90429 | Zot:5    | Noticed Cofaveath the pandemonium lord
 90510 | Zot:4    | Noticed Xiluni the pandemonium lord
 90605 | Zot:2    | Lost mutation: You are very frail. (-20% HP) [potion of
                  | mutation]
 90605 | Zot:2    | Lost mutation: You are frail. (-10% HP) [potion of
                  | mutation]
 90605 | Zot:2    | Gained mutation: You passively map a small area around you.
                  | [potion of mutation]
 90605 | Zot:2    | Gained mutation: You have a pair of small antennae on your
                  | head. [potion of mutation]
 90605 | Zot:2    | Gained mutation: You have a pair of antennae on your head.
                  | [potion of mutation]
 90641 | Zot:2    | Lost mutation: You have a pair of antennae on your head.
                  | [potion of mutation]
 90641 | Zot:2    | Lost mutation: You passively map a small area around you.
                  | [potion of mutation]
 90641 | Zot:2    | Lost mutation: You have a pair of small antennae on your
                  | head. [potion of mutation]
 90641 | Zot:2    | Gained mutation: You are frail. (-10% HP) [potion of
                  | mutation]
 90641 | Zot:2    | Gained mutation: You expend magic power (3 MP) to
                  | strengthen your wands. [potion of mutation]
 90641 | Zot:2    | Gained mutation: One of your tentacles bears a spike.
                  | [potion of mutation]
 90642 | Zot:2    | Lost mutation: You expend magic power (3 MP) to strengthen
                  | your wands. [potion of mutation]
 90642 | Zot:2    | Lost mutation: You do not regenerate when monsters are
                  | visible. [potion of mutation]
 90642 | Zot:2    | Lost mutation: You are frail. (-10% HP) [potion of
                  | mutation]
 90642 | Zot:2    | Gained mutation: You are vulnerable to heat. (rF-) [potion
                  | of mutation]
 90642 | Zot:2    | Gained mutation: Your mind is acute. (Int +4, Str/Dex -1)
                  | [potion of mutation]
 90642 | Zot:2    | Gained mutation: You are weak. (Str -2) [potion of
                  | mutation]
 90801 | Depths:2 | Noticed a seraph
 90874 | D:14     | Noticed Biexzosch the pandemonium lord
 91096 | D:4      | Noticed Kagyu the pandemonium lord
 91105 | D:4      | Noticed Layn the pandemonium lord
 91220 | D:$      | Escaped with the Orb!

Illustrated notes

Levels and vault maps discovered:
D:1:      psy_arrival_terrarium, layout_basic, chequers_decorated_corner,
          minmay_tall_x
D:2:      layout_basic, serial_aquarium, aquarium_bridge_straight
          [aquarium_subvault_bridge, aquarium_subvault_wall,
          aquarium_subvault_bridge, aquarium_subvault_window],
          aquarium_window_1, aquarium_window_2, aquarium_view_2c,
          aquarium_view_2d, aquarium_pool_2
D:3:      layout_basic, mrwooster_statue_mirror, minmay_increasing_density,
          uniq_jessica, uniq_natasha
D:4:      layout_cave_pools, mainiacjoe_overflow_alcove_1,
          minmay_temple_entry_offerings, enter_ossuary_1
D:5:      layout_rooms, old_standard_altar
D:6:      layout_basic, grunt_temple_overflow_open, uniq_duvessa
D:7:      layout_rooms, uniq_joseph
D:8:      layout_cave_pools, amcnicky_altar_gilded, uniq_psyche
D:9:      layout_basic, enter_bailey_2, uniq_pikel, uniq_gastronok, uniq_maggie
D:10:     layout_layer_cave, lemuel_doored_altar, orc_0_dummy, minivault_1
D:11:     gammafunk_sealed_arena, layout_gridville, lair_entry_dummy,
          special_room [special_room_orc]
D:12:     layout_irregular_city, portal_ice_cave_entry_pillars_2,
          gammafunk_ghost_spectres, uniq_maurice
D:13:     layout_cave_pods
D:14:     layout_basic, skrybe_vaults_entry_preservation, serial_glass,
          glass_columns_c, glass_columns_a, zin_angel
D:15:     grunt_enter_depths_snipers, layout_basic, nicolae_uskayaw_en_pointe
Temple:   nicolae_temple_bog_church
Lair:1:   layout_gridlike, enter_volcano_4, grunt_megastairs_4, uniq_fannar,
          uniq_harold, uniq_erica
Lair:2:   layout_chaotic_city, shoals_dummy_entry
Lair:3:   layout_gridlike, guppyfry_snake_entry_garden
Lair:4:   layout_layer_cave
Lair:5:   hangedman_lair_caniforms_friends, layout_hall_layers, wormcave,
          nicolae_slime_entry_slimehenge, uniq_snorg
Shoals:1: layout_shoals, nicolae_shop_clearance, uniq_roxanne
Shoals:2: layout_shoals, nicolae_stop_n_shop_2,
          nicolae_shoals_beach_house_on_fowls_legs, uniq_ilsuiw
Shoals:3: layout_shoals, uniq_nikola
Shoals:4: shoals_end_grunt_ice, layout_shoals, serial_shops, bzr_in_the_mist,
          uniq_polyphemus
Snake:1:  layout_rooms, serial_shops, nicolae_lakefront_shop, minmay_shop_grove,
          uniq_frances
Snake:2:  layout_cave_shapes, serial_bayou, serial_bayou_pond_c,
          serial_bayou_lake_a, serial_bayou_shore_b, serial_bayou_ford_a,
          serial_bayou_shore_a, serial_bayou_crossing, grunt_megastairs_2,
          serial_bayou_shore_b
Snake:3:  layout_honeycomb, serial_shops, shop, nicolae_shop_trees,
          nicolae_take_the_stairs, grunt_ministairs_8, minmay_snake_pond
Snake:4:  hellmonk_snake_rune_quicksilver_temple, layout_cave_town,
          ebering_ghost_xom, grunt_megastairs_5
Slime:1:  layout_caves, nicolae_slime_phagocytosis
Slime:2:  layout_caves
Slime:3:  layout_caves
Slime:4:  layout_caves
Slime:5
Orc:1:    layout_caves
Orc:2:    pf_orc_diabolical, layout_diamond_mine, uniq_rupert, uniq_azrael
Elf:1:    eino_elf_arrival_customs, layout_loops_ring, hangedman_elf_disciples,
          hangedman_elf_targetted_burst, laboratory
Elf:2:    nicolae_elf_blades_splatter_lattice [nicolae_blade_entry_pointy_end],
          layout_loops_corners, elves_outpost_lemuel
Elf:3:    elf_hall_gauntlet_wide, layout_geoelf_castle, gammafunk_ghost_grave,
          uniq_louise
Vaults:1: gammafunk_the_bubble [the_bubble_gammafunk_split],
          grunt_vaults_funnel, hangedman_vaults_slice,
          nicolae_vaults_three_branches, v_misc_5, layout_vaults_chaotic_city,
          serial_glass, serial_shops, nicolae_shop_stone
Vaults:2: v_rooms_3, hangedman_vaults_variations, v_misc_16, v_rooms_5,
          nicolae_vaults_statue_guard, v_pattern_5,
          nicolae_vaults_border_crossing, ontoclasm_vaults_gateway,
          nicolae_vaults_diagonal_hallway_9, v_misc_33, v_misc_14,
          layout_vaults_maze, uniq_mennas, uniq_bai_suzhen
Vaults:3: nicolae_vaults_diagonal_hallway_8, v_pattern_3,
          minmay_crypt_entry_necro_gods, v_misc_16, v_misc_19,
          nicolae_vaults_network_barrier, layout_vaults_omnigrid, serial_shops,
          shop, uniq_margery
Vaults:4: gammafunk_ghost_arena, v_misc_5, v_misc_17, vaults_room_fours,
          v_misc_31, v_misc_19, ontoclasm_vaults_claustrophobia,
          vaults_room_grid, hangedman_vaults_stagger, v_misc_9,
          nicolae_vaults_ring_of_whatevers, layout_vaults_omnibox, uniq_xtahua
Vaults:5: serial_shops
Crypt:1:  layout_gridlike, minmay_misc_feat_columns
Crypt:2:  layout_gridlike, uniq_jory, uniq_frederick, uniq_josephina,
          uniq_donald
Crypt:3:  church_of_pain_bobbens, layout_chaotic_city,
          tomb_entry_simple_bobbens, uniq_boris
Depths:1: layout_gridlike, enter_ziggurat_e, hangedman_tar_grid_catacomb,
          chequers_hall_statues_wall_a, nicolae_abyss_entry_one_way_or_another,
          muffindrake_ghost_three_little_ghosts, minivault_14,
          solitary_fountain, hangedman_cracks_in_the_wall, uniq_enchantress
Depths:2: minmay_spiral_squares, layout_gridlike, pan_entry, serial_shops,
          nicolae_shop_statue_plus, hell_entry,
          hellmonk_guarded_unrand_salamander, minmay_staircase_statues
Depths:3: gammafunk_sealed_library, layout_basic, abyss_entry_small_statue_room,
          grunt_hell_entry_dis_old
Depths:4: hangedman_slaughterboxes, hell_entry
Zot:1:    layout_gridlike
Zot:2:    gammafunk_mikee_crab_dinner, layout_cellular_growth,
          hangedman_zot_wheel_spokes, grunt_megastairs_1
Zot:3:    grunt_deathspiral_small, layout_onion_interference, st_stairs_10,
          hangedman_zot_spectrum
Zot:4:    layout_concentric_octagons
Zot:5:    layout_cellular_growth, skrybe_zot_glass_2

Skill      XL: |  1  2  3  4  5  6  7  8  9 10 11 12 13 14 15 16 17 18 19 20 21 22 23 24 25 26 27 |
---------------+----------------------------------------------------------------------------------+-----
Air Magic      | 4 5 6 7 9 11 13 15 16 17 18 19 20 | 20.0
Fighting       | 3 6 8 9 10 12 16 18 20 27 | 27.0
Unarmed Combat | 3 6 8 9 10 12 15 16 17 19 20 22 26 27 | 27.0
Translocations | 2 5 6 10 | 10.0
Spellcasting   | 5 7 8 10 12 15 | 15.0
Transmutations | 2 6 8 14 15 | 15.0
Stealth        | 11 17 20 | 20.0
Dodging        | 6 9 11 14 15 22 | 22.6
Conjurations   | |  1.0

Action                   |  1- 3 |  4- 6 |  7- 9 | 10-12 | 13-15 | 16-18 | 19-21 | 22-24 | 25-27 || total
-------------------------+-------+-------+-------+-------+-------+-------+-------+-------+-------++-------
Melee: Unarmed           |     7 |     1 |       |       |   210 |   650 |   705 |   819 |  1669 ||  4061
       Constrict         |     2 |     4 |     5 |     6 |    11 |       |     3 |       |    29 ||    60
       Tentacles         |     1 |     2 |     8 |     7 |    17 |     1 |     4 |     1 |    58 ||    99
       Dagger            |       |    15 |    24 |    18 |       |       |       |       |       ||    57
       Punch             |       |     1 |       |     1 |    26 |    71 |    94 |   149 |   391 ||   733
       Staff             |       |       |       |    14 |    71 |     1 |    17 |     4 |    69 ||   176
       Kick              |       |       |       |       |       |       |       |       |     2 ||     2
 Cast: Shock             |    80 |   145 |    88 |   142 |   261 |       |       |       |       ||   716
       Airstrike         |       |       |    58 |   195 |   206 |    35 |       |       |       ||   494
       Swiftness         |       |       |     2 |     3 |     2 |     1 |       |       |     4 ||    12
       Lightning Bolt    |       |       |       |    33 |   161 |     8 |     8 |       |       ||   210
       Freezing Cloud    |       |       |       |       |    20 |     7 |     5 |       |       ||    32
       Storm Form        |       |       |       |       |    13 |    77 |    74 |    92 |   130 ||   386
       Manifold Assault  |       |       |       |       |       |       |     5 |     5 |       ||    10
       Blink             |       |       |       |       |       |       |       |     2 |       ||     2
       Statue Form       |       |       |       |       |       |       |       |       |     2 ||     2
Invok: Call Merchant     |       |       |       |       |       |       |       |       |    13 ||    13
       Potion Petition   |       |       |       |       |       |       |       |       |     1 ||     1
       Bribe Branch      |       |       |       |       |       |       |       |       |     1 ||     1
 Abil: Blinkbolt         |       |       |       |       |       |    47 |    38 |    13 |    26 ||   124
       End Transformatio |       |       |       |       |       |       |       |       |     1 ||     1
Evoke: Wand              |       |       |       |    10 |     9 |       |       |       |       ||    19
  Use: Scroll            |       |       |     9 |     3 |    17 |     8 |     2 |       |     5 ||    44
       Potion            |       |       |       |       |     4 |       |     3 |       |    13 ||    20
 Stab: Distracted        |       |       |       |       |     8 |    18 |    17 |    26 |    81 ||   150
       Sleeping          |       |       |       |       |       |     6 |    19 |    16 |    16 ||    57
Armor: Skin              |       |     1 |     2 |    11 |   109 |    93 |    51 |   116 |   262 ||   645
Dodge: Dodged            |     5 |    21 |    25 |    57 |   398 |   687 |   569 |   672 |  1409 ||  3843

Table legend: (Time is in decaauts)
 A = Elapsed time spent in this place.
 B = Non-inter-level travel time spent in this place.
 C = Inter-level travel time spent in this place.
 D = Time resting spent in this place.
 E = Time spent auto-exploring this place.
 F = Levels seen in this place.
 G = Mean time per level.
                   A        B        C        D        E       F      G
               +--------+--------+--------+--------+--------+-----+--------+
         Total |  89716 |  83328 |   6388 |   6580 |  62390 |  64 | 1401.8 |
       Dungeon |  22313 |  20305 |   2008 |   1304 |  16180 |  15 | 1487.5 |
        Temple |    153 |    153 |      0 |      0 |    126 |   1 |  153.0 |
          Lair |   8624 |   7812 |    812 |    426 |   6340 |   5 | 1724.8 |
        Shoals |   4696 |   4548 |    148 |    331 |   3578 |   4 | 1174.0 |
     Snake Pit |   6091 |   5485 |    606 |      0 |   4728 |   4 | 1522.8 |
    Slime Pits |   1510 |   1358 |    152 |    669 |    126 |   5 |  302.0 |
  Orcish Mines |   6086 |   5680 |    406 |   1773 |   3016 |   2 | 3043.0 |
   Elven Halls |   5018 |   4615 |    403 |    189 |   3589 |   3 | 1672.7 |
        Vaults |   9311 |   8520 |    791 |    265 |   6773 |   5 | 1862.2 |
         Crypt |   3975 |   3787 |    188 |    157 |   2940 |   3 | 1325.0 |
        Depths |   7582 |   7048 |    534 |     40 |   5947 |   4 | 1895.5 |
           Zot |   8734 |   8399 |    335 |    528 |   6369 |   5 | 1746.8 |
         Abyss |   1906 |   1906 |      0 |      4 |    689 |   4 |  476.5 |
        Bazaar |    116 |    116 |      0 |      0 |     76 |   1 |  116.0 |
       Ossuary |    539 |    539 |      0 |      0 |    451 |   1 |  539.0 |
        Bailey |   2003 |   2003 |      0 |    716 |    805 |   1 | 2003.0 |
       Volcano |   1052 |   1052 |      0 |    177 |    656 |   1 | 1052.0 |
               +--------+--------+--------+--------+--------+-----+--------+

Top non-repeatable levels by time:
   Orc:2: 5019 daAuts
     D:9: 2961 daAuts
   Zot:3: 2613 daAuts
Depths:1: 2340 daAuts
    D:11: 2320 daAuts
  Lair:5: 2202 daAuts
Vaults:5: 2182 daAuts
   Zot:2: 2168 daAuts
   Elf:3: 2120 daAuts
Vaults:4: 2103 daAuts
Depths:2: 2093 daAuts
    D:12: 2088 daAuts
Depths:4: 2045 daAuts
  Bailey: 2003 daAuts
    D:10: 1932 daAuts
